Workbook
Name Bob: #REF!
Name Location_Name: #REF!
Name Location_Names: #REF!
Name Location_Number: #REF!
Name Location_Numbers: #REF!
Name Market: #REF!
Name Market_1: #REF!
Name Market_10: #REF!
Name Market_100: #REF!
Name Market_101: #REF!
Name Market_102: #REF!
Name Market_103: #REF!
Name Market_105: #REF!
Name Market_107: #REF!
Name Market_108: #REF!
Name Market_109: #REF!
Name Market_11: #REF!
Name Market_110: #REF!
Name Market_111: #REF!
Name Market_114: #REF!
Name Market_115: #REF!
Name Market_116: #REF!
Name Market_117: #REF!
Name Market_118: #REF!
Name Market_119: #REF!
Name Market_12: #REF!
Name Market_120: #REF!
Name Market_121: #REF!
Name Market_124: #REF!
Name Market_125: #REF!
Name Market_126: #REF!
Name Market_128: #REF!
Name Market_129: #REF!
Name Market_13: #REF!
Name Market_130: #REF!
Name Market_131: #REF!
Name Market_132: #REF!
Name Market_133: #REF!
Name Market_134: #REF!
Name Market_135: #REF!
Name Market_136: #REF!
Name Market_137: #REF!
Name Market_139: #REF!
Name Market_14: #REF!
Name Market_140: #REF!
Name Market_141: #REF!
Name Market_144: #REF!
Name Market_145: #REF!
Name Market_147: #REF!
Name Market_148: #REF!
Name Market_149: #REF!
Name Market_15: #REF!
Name Market_150: #REF!
Name Market_151: #REF!
Name Market_152: #REF!
Name Market_153: #REF!
Name Market_154: #REF!
Name Market_155: #REF!
Name Market_156: #REF!
Name Market_157: #REF!

Sheet Gen 5 Containers
A1: Gen 5 Container Repairs | F1: Container Repair Reimbursement Form
F2: Revised: Oct 14, 2026
A3: Date Submitted | F3: ** Please submit all repair forms within 24 hours of the repair completion. **
A4: Market Number | D4: =VLOOKUP(C4,#REF!,5,FALSE) -> #REF! | F4: Container Repair Count | I4: 1 | J4: 2 | K4: 3 | L4: 4 | M4: 5 | N4: 6 | O4: 7 | P4: 8 | Q4: 9 | R4: 10
A5: Market Location | C5: =VLOOKUP($C$4,Sheet7!$K$1:$M$148,2,FALSE) -> #N/A | F5: Container Number
A6: Region | C6: =VLOOKUP($C$4,Sheet7!$K$1:$M$148,3,FALSE) -> #N/A | F6: Container Serial Number | I6: =IFERROR(VLOOKUP(I5,Gen5_List[#All],2,FALSE)," ") | J6: =IFERROR(VLOOKUP(J5,Gen5_List[#All],2,FALSE)," ") | K6: =IFERROR(VLOOKUP(K5,Gen5_List[#All],2,FALSE)," ") | L6: =IFERROR(VLOOKUP(L5,Gen5_List[#All],2,FALSE)," ") | M6: =IFERROR(VLOOKUP(M5,Gen5_List[#All],2,FALSE)," ") | N6: =IFERROR(VLOOKUP(N5,Gen5_List[#All],2,FALSE)," ") | O6: =IFERROR(VLOOKUP(O5,Gen5_List[#All],2,FALSE)," ") | P6: =IFERROR(VLOOKUP(P5,Gen5_List[#All],2,FALSE)," ") | ... R6: =IFERROR(VLOOKUP(R5,Gen5_List[#All],2,FALSE)," ")
A7: Warehouse Name | F7: Date Repaired
A8: Site | C8: =VLOOKUP(SUBSTITUTE(C7,"~","~~"),Locations[['[GL Location Name']]:['[Site Id']]],2,FALSE) -> #N/A | F8: Container Type | I8: =IFERROR(VLOOKUP(I5,Gen_5_List!$A$1:$D$131121,3,FALSE)," ") | J8: =IFERROR(VLOOKUP(J5,Gen_5_List!$A$1:$D$131121,3,FALSE)," ") | K8: =IFERROR(VLOOKUP(K5,Gen_5_List!$A$1:$D$131121,3,FALSE)," ") | L8: =IFERROR(VLOOKUP(L5,Gen_5_List!$A$1:$D$131121,3,FALSE)," ") | M8: =IFERROR(VLOOKUP(M5,Gen_5_List!$A$1:$D$131121,3,FALSE)," ") | N8: =IFERROR(VLOOKUP(N5,Gen_5_List!$A$1:$D$131121,3,FALSE)," ") | O8: =IFERROR(VLOOKUP(O5,Gen_5_List!$A$1:$D$131121,3,FALSE)," ") | P8: =IFERROR(VLOOKUP(P5,Gen_5_List!$A$1:$D$131121,3,FALSE)," ") | ... R8: =IFERROR(VLOOKUP(R5,Gen_5_List!$A$1:$D$131121,3,FALSE)," ")
A9: Warehouse ID | C9: =C8&"-00" -> #N/A | F9: Container Size | I9: =IFERROR(VLOOKUP(I5,Gen_5_List!$A$1:$D$131121,4,FALSE)," ") | J9: =IFERROR(VLOOKUP(J5,Gen_5_List!$A$1:$D$131121,4,FALSE)," ") | K9: =IFERROR(VLOOKUP(K5,Gen_5_List!$A$1:$D$131121,4,FALSE)," ") | L9: =IFERROR(VLOOKUP(L5,Gen_5_List!$A$1:$D$131121,4,FALSE)," ") | M9: =IFERROR(VLOOKUP(M5,Gen_5_List!$A$1:$D$131121,4,FALSE)," ") | N9: =IFERROR(VLOOKUP(N5,Gen_5_List!$A$1:$D$131121,4,FALSE)," ") | O9: =IFERROR(VLOOKUP(O5,Gen_5_List!$A$1:$D$131121,4,FALSE)," ") | P9: =IFERROR(VLOOKUP(P5,Gen_5_List!$A$1:$D$131121,4,FALSE)," ") | ... R9: =IFERROR(VLOOKUP(R5,Gen_5_List!$A$1:$D$131121,4,FALSE)," ")
A10: Submitted By | C10: (Type in First and Last Name) | F10: Container Empty (Not Rented) / Container Full (Rented)
A11: Job Title | F11: Heavy Repair / Light Repair
A12: Market Manager Sign Off | F12: Container Status Has Been Updated To OP
F13: Labor Hours
A14: Market Customer Account Number | C14: =VLOOKUP((C4*1),Sheet2!$U$2:$V$141,2,FALSE) -> #N/A | F14: Container Repair Person Job Title
F15: Container Repair Person Name
F16: Summary Reference | I16: =_xlfn.CONCAT(I5,"-",(TEXT(I7,"MM/DD/YYYY")),"-",I6,"-",I8,"-",I10,"-",I14) -> -01/00/1900- - -- | J16: =_xlfn.CONCAT(J5,"-",(TEXT(J7,"MM/DD/YYYY")),"-",J6,"-",J8,"-",J10,"-",J14) -> -01/00/1900- - -- | K16: =_xlfn.CONCAT(K5,"-",(TEXT(K7,"MM/DD/YYYY")),"-",K6,"-",K8,"-",K10,"-",K14) -> -01/00/1900- - -- | L16: =_xlfn.CONCAT(L5,"-",(TEXT(L7,"MM/DD/YYYY")),"-",L6,"-",L8,"-",L10,"-",L14) -> -01/00/1900- - -- | M16: =_xlfn.CONCAT(M5,"-",(TEXT(M7,"MM/DD/YYYY")),"-",M6,"-",M8,"-",M10,"-",M14) -> -01/00/1900- - -- | N16: =_xlfn.CONCAT(N5,"-",(TEXT(N7,"MM/DD/YYYY")),"-",N6,"-",N8,"-",N10,"-",N14) -> -01/00/1900- - -- | O16: =_xlfn.CONCAT(O5,"-",(TEXT(O7,"MM/DD/YYYY")),"-",O6,"-",O8,"-",O10,"-",O14) -> -01/00/1900- - -- | P16: =_xlfn.CONCAT(P5,"-",(TEXT(P7,"MM/DD/YYYY")),"-",P6,"-",P8,"-",P10,"-",P14) -> -01/00/1900- - -- | ... R16: =_xlfn.CONCAT(R5,"-",(TEXT(R7,"MM/DD/YYYY")),"-",R6,"-",R8,"-",R10,"-",R14) -> -01/00/1900- - --
I17: IF / Local | J17: IF / Local | K17: IF / Local | L17: IF / Local | M17: IF / Local | N17: IF / Local | O17: IF / Local | P17: IF / Local | Q17: IF / Local | R17: IF / Local
D18: Part No. | F18: Parts Description | I18: Quantity / Container | J18: Quantity / Container | K18: Quantity / Container | L18: Quantity / Container | M18: Quantity / Container | N18: Quantity / Container | O18: Quantity / Container | P18: Quantity / Container | Q18: Quantity / Container | R18: Quantity / Container
D19: PWWASH | F19: Pressure Washing Cleaner (Enter qty 1 per container) | H19: H
D20: PDO603 | F20: Roll Door 45 degree Latch | H20: L
D21: PG5002X | F21: Manus Adhesive (1/4 Tube) | H21: L
D22: PG5017 | F22: Wall Post Bolt (Back) (Gen 5)
D23: PG5019 | F23: Lock Washer For Wall Post Bolt (Gen 5)
D24: PG5057 | F24: D-Ring Bolt (Gen5)
D25: PG5066 | F25: Skid Pad (Right Side)
D26: PG5067 | F26: Skid Pad (Left Side)
D27: PG5078 | F27: Patch Heat Strip
D28: PG5082 | F28: Window Plug (Qty 1) (GEN 5)
D29: PG6001 | F29: Hucktainer Sleeve | H29: L
D30: PG6001C | F30: Hucktainer Pin | H30: L
D31: PG6005 | F31: Floor Self Tapping Screw (Gen 5 & 6)
D32: PG6017 | F32: Side Wall Decal Large (Gen 5 & 6) 16'
D33: PG6019A | F33: Vent Assembly Aluminum (Gen 5 & 6)
D34: PG6020A | F34: Vent Assembly Gasket (Gen 5 & 6)
D35: PG6021 | F35: D-Ring Mounting Bracket (Gen 5 & 6)
D36: PG6023 | F36: Wall Post Top Bolt (Gen 6), Top & Bottom (Side Post) (Gen 5) | H36: L
D37: PG6026 | F37: Flat Washer for Wall Post Bolt (Gen 5 & 6) | H37: L
D38: PG6028 | F38: D-Ring (Gen 5 & 6) | H38: L
D39: PG6038 | F39: Door Hanger Bracket (Gen 6) | H39: L
D40: PG6040 | F40: Door Track Left (Gen 6) | H40: L
D41: PG6042 | F41: Door Track Right (Gen 6)
D42: PG6044 | F42: Door Latch Backing Plate - Roll Door 90 Degree Corrugation (Gen 6)
D43: PG6046 | F43: Door Track Self Tapping Screw (Gen 5 & 6)
D44: PG6047 | F44: Door Track Plastic Cap (Gen 6) | H44: H
D45: PG6049 | F45: Door Latch - Roll Door 90 Degree Corrugation (Gen 6)
D46: PG6050 | F46: Door Handle (White Alloy) (Gen 6)
D47: PG6051 | F47: Roll Door Bottom Gasket (Gen 5 & 6)
D48: PG6052 | F48: Flat Washer For Gen 5 Door Stop, Header, & Gen 6 Door Axle | H48: L
D49: PG6053 | F49: Door Stop Left (Gen6) | H49: L
D50: PG6054 | F50: Door Stop Right (Gen6) | H50: L
D51: PG6055 | F51: Header Assembly (Gen 6) | H51: L
D52: PG6056 | F52: Door Header Brush (Gen 6) | H52: L
D53: PG6057 | F53: Roll Door Bottom Aluminum Angle (Gen 5 & 6) | H53: L
D54: PG6084 | F54: White Header Rivet (Aluminum 1/4") (Gen 6)
D55: PG6096 | F55: Door Axle Bolt (Gen 6)
D56: PG6097 | F56: Nut for Aluminum Door Angle, Door Axle & Door Latch Bolts (Gen 6)
D57: PG6100 | F57: Header Decal (Gen 6)
D58: PG6101 | F58: Door Hanger Rivet (Stainless Steel 1/4") (Gen 6)
D59: PG6102 | F59: Aluminum Door Angle & Door Latch Carriage Bolt (Gen 6)
D60: PG6103 | F60: Thread Cap for Door Latch Bolt
D61: PG6104 | F61: Vent Assembly Rivet (Gen 5 & 6)
D62: PPA102X | F62: Panel & Frame Paint (1 Gallon)
D63: PPA204 | F63: Spray Paint for Panel Touch Ups - Krylon White
D64: PPA205 | F64: Spray Paint for Door Repair - Krylon Blue
D65: PSI301 | F65: All-In-One Decal
... D70: PWD703X | F70: Roll of UV Patch (Enter qty by the foot)
A72: Submit your completed repairs promptly, and know that all work MUST be submitted within 24 hours of completion to be eligible for compensation! | O72: Submit your completed repairs promptly, and know that all work MUST be submitted within 24 hours of completion to be eligible for compensation!
A76: Parts below red line are classified as Heavy Repairs and CAN currently be performed without a PO. | O76: Parts below red line are classified as Heavy Repairs and CAN currently be performed without a PO.
D78: PG5005 | F78: Side Wall Panel Without Windows (Gen 5)
D79: PG5006 | F79: Back Wall Panel Without Windows (Gen 5) | H79: H
D80: PG5014 | F80: Wall Post (Back) (Gen 5) | H80: H
D81: PG5015 | F81: Wall Post (Side) (Gen 5)
D82: PG5025 | F82: Door Floor Panel (Gen 5)
D83: PG5026 | F83: Back Floor Panel (Gen 5) | H83: H
D84: PG6098 | F84: Roll Up Door Assembly (Gen 6)
D86: Other Labor | F86: Add'l labor; 15 minute increment | H86: H
F88: Reason for additional labor

Sheet Steel Roof Form
A1: Steel Roof Addition Form
A4: Market #: | D4: Market Name:
A6: Warehouse:
A8: Submitted by:
A10: Contact Phone #:
A12: Please submit this form to Asset Management within a week after putting on the Steel Roof.
B14: Container ID: | C14: Container Serial #: | D14: Roof #: | E14: Date Installed:
A15: Line 1:
A17: Line 2:
A19: Line 3:
A21: Line 4:
A23: Line 5:
A25: Line 6:
A27: Line 7:
A29: Line 8:
A31: Line 9:
A33: Line 10:
A35: Line 11:
A37: Line 12:
... A53: Line 20:

Sheet Gen_5_List
A1: Container number | B1: Container or Lift serial number | C1: Model | D1: Container size
A2: 49383BX | B2: 161403J5911 | C2: Gen 5 | D2: 16
A3: 49334BX | B3: 161403J5912 | C3: Gen 5 | D3: 16
A4: 49344BX | B4: 161403J5913 | C4: Gen 5 | D4: 16
A5: 49315BX | B5: 161403J5914 | C5: Gen 5 | D5: 16
A6: 49346BX | B6: 161403J5915 | C6: Gen 5 | D6: 16
A7: 49390BX | B7: 161403J5916 | C7: Gen 5 | D7: 16
A8: 49388BX | B8: 161403J5917 | C8: Gen 5 | D8: 16
A9: 49394BX | B9: 161403J5918 | C9: Gen 5 | D9: 16
A10: 49343BX | B10: 161403J5919 | C10: Gen 5 | D10: 16
A11: 49330BX | B11: 161403J5920 | C11: Gen 5 | D11: 16
A12: 49347BX | B12: 161403J5921 | C12: Gen 5 | D12: 16
A13: 49301BX | B13: 161403J5922 | C13: Gen 5 | D13: 16
... A5966: 48971BX | B5966: 161403J5100 | C5966: Gen 5 | D5966: 16

Sheet Sheet1
C1: Labor
A2: 1 | C2: 15
A3: 2 | C3: =C2+15 -> 30
A4: 3 | C4: =C3+15 -> 45
A5: 4 | C5: =C4+15 -> 60
A6: 5 | C6: =C5+15 -> 75
A7: 6 | C7: =C6+15 -> 90
A8: 7 | C8: =C7+15 -> 105
A9: 8 | C9: =C8+15 -> 120
A10: 9 | C10: =C9+15 -> 135
A11: 10 | C11: =C10+15 -> 150
A12: 11 | C12: =C11+15 -> 165
A13: 12 | C13: =C12+15 -> 180
A14: 13 | C14: =C13+15 -> 195
... A17: 16 | C17: =C16+15 -> 240
A18: 17
A19: 18
A20: 19
A21: 20
A22: 21
A23: 22
A24: 23
A25: 24
A26: 25
A27: 26
A28: 27
A29: 28
... A191: 190

Sheet Sheet2
A2: 46023 | C2: Empty | E2: 1 | F2: Tampa Bay, FL | G2: TBAY | H2: Southeast | J2: Forest Park-GA-STR-1 | L2: AAG2 | M2: Forest Park-GA-STR-1 | N2: AAG2 | P2: AAG2-00 | Q2: Forest Park-GA-STR-1 | R2: AAG2-00 | U2: Market ID | V2: Local Customer Acccount
A3: 46024 | C3: Full | E3: 2 | F3: Sarasota, FL | G3: SARA | H3: Southeast | J3: Cumming-GA-STG-1 | L3: AAG21 | M3: Cumming-GA-STG-1 | N3: AAG21 | P3: AAG2-00T | Q3: Forest Park-GA-STR-1 | R3: AAG2-00T | U3: 1 | V3: 000000001
A4: 46025 | E4: 3 | F4: South Florida | G4: SOFL | H4: Southeast | J4: Athens-GA-STG-1 | L4: AAG23 | M4: Athens-GA-STG-1 | N4: AAG23 | P4: AAG21-00 | Q4: Cumming-GA-STG-1 | R4: AAG21-00 | U4: 2 | V4: 000000002
A5: 46026 | C5: Market Manager | D5: MM | E5: 4 | F5: Orlando, FL | G5: ORLA | H5: Southeast | J5: Mcdonough-GA-STG-1 | L5: AAG24 | M5: Mcdonough-GA-STG-1 | N5: AAG24 | P5: AAG21-00T | Q5: Cumming-GA-STG-1 | R5: AAG21-00T | U5: 3 | V5: 000000003
A6: 46027 | C6: Assistant Market Managet | D6: AMM | E6: 5 | F6: Minneapolis, MN | G6: MINN | H6: Central | J6: Atlanta-GA-STR-1 | L6: AAG27 | M6: Atlanta-GA-STR-1 | N6: AAG27 | P6: AAG23-00 | Q6: Athens-GA-STG-1 | R6: AAG23-00 | U6: 4 | V6: 000001004
A7: 46028 | C7: Container Repair Tech | D7: CRT | E7: 6 | F7: Charlotte, NC | G7: CHRL | H7: Southeast | J7: Alpharetta-GA-OVRFL-1 | L7: AAG31 | M7: Alpharetta-GA-OVRFL-1 | N7: AAG31 | P7: AAG23-00T | Q7: Athens-GA-STG-1 | R7: AAG23-00T | U7: 5 | V7: 000001005
A8: 46029 | C8: Driver | D8: Driver | E8: 7 | F8: Indianapolis, IN | G8: INDY | H8: Z | J8: Marietta-GA-OVRFL-1 | L8: AAG32 | M8: Marietta-GA-OVRFL-1 | N8: AAG32 | P8: AAG24-00 | Q8: Mcdonough-GA-STG-1 | R8: AAG24-00 | U8: 6 | V8: 000001106
A9: 46030 | C9: Storage Center Worker | D9: EMT | E9: 8 | F9: Cincinnati, OH | G9: CINC | H9: Northeast | J9: Stone Mountain-GA-OVRFL-1 | L9: AAG33 | M9: Stone Mountain-GA-OVRFL-1 | N9: AAG33 | P9: AAG24-00T | Q9: Mcdonough-GA-STG-1 | R9: AAG24-00T | U9: 7 | V9: 000000007
A10: 46031 | D10: SCW | E10: 9 | F10: PODS-US | G10: PEIU | H10: Z | J10: Covington-GA-STG-1 | L10: AAG34 | M10: Covington-GA-STG-1 | N10: AAG34 | P10: AAG27-00 | Q10: Atlanta-GA-STR-1 | R10: AAG27-00 | U10: 8 | V10: 000001008
A11: 46032 | C11: Light Repair | D11: Nirro | E11: 10 | F11: Daytona, FL | G11: DAYT | H11: Southeast | J11: McDonough-GA-STG-2 | L11: AAG35 | M11: McDonough-GA-STG-2 | N11: AAG35 | P11: AAG27-00T | Q11: Atlanta-GA-STR-1 | R11: AAG27-00T | U11: 9 | V11: 000000009
A12: 46033 | C12: Heavy Repair | D12: Temp | E12: 11 | F12: Jacksonville, FL | G12: JACV | H12: Southeast | J12: Suwanee-GA-STR-1 | L12: AAG5 | M12: Suwanee-GA-STR-1 | N12: AAG5 | P12: AAG31-00 | Q12: Alpharetta-GA-OVRFL-1 | R12: AAG31-00 | U12: 10 | V12: 000001010
A13: 46034 | E13: 12 | F13: Melbourne, FL | G13: MELB | H13: Southeast | J13: Newnan-GA-STG-1 | L13: AAG8 | M13: Newnan-GA-STG-1 | N13: AAG8 | P13: AAG31-00T | Q13: Alpharetta-GA-OVRFL-1 | R13: AAG31-00T | U13: 11 | V13: 000001011
A14: 46035 | C14: Confirmed | E14: 13 | F14: General | G14: 0000 | H14: Z | J14: Newman-GA-STG-2 | L14: AAG9 | M14: Newman-GA-STG-2 | N14: AAG9 | P14: AAG32-00 | Q14: Marietta-GA-OVRFL-1 | R14: AAG32-00 | U14: 12 | V14: 000001012
A15: 46036 | E15: 14 | F15: St. Louis, MO | G15: STLO | H15: Central | J15: Albuquerque-NM-STR-1 | L15: ABQ | M15: Albuquerque-NM-STR-1 | N15: ABQ | P15: AAG32-00T | Q15: Marietta-GA-OVRFL-1 | R15: AAG32-00T | U15: 14 | V15: 000001014
A16: 46037 | E16: 15 | F16: Raleigh, NC | G16: RALE | H16: Southeast | J16: Santa Fe-NM-STG-1 | L16: ABQ2 | M16: Santa Fe-NM-STG-1 | N16: ABQ2 | P16: AAG33-00 | Q16: Stone Mountain-GA-OVRFL-1 | R16: AAG33-00 | U16: 15 | V16: 000001015
A17: 46038 | C17: 15 minutes | E17: 16 | F17: Nashville, TN | G17: NASH | H17: Central | J17: Santa Fe-NM-STR-1 | L17: ABQ3 | M17: Santa Fe-NM-STR-1 | N17: ABQ3 | P17: AAG33-00T | Q17: Stone Mountain-GA-OVRFL-1 | R17: AAG33-00T | U17: 16 | V17: 000001016
A18: 46039 | C18: 30 minutes | E18: 20 | F18: Dallas, TX | G18: DALL | H18: Central | J18: Clearwater-FL-ADMIN-1 | L18: ADMIN | M18: Clearwater-FL-ADMIN-1 | N18: ADMIN | P18: AAG34-00 | Q18: Covington-GA-STG-1 | R18: AAG34-00 | U18: 20 | V18: 000000020
A19: 46040 | C19: 45 minutes | E19: 21 | F19: Atlanta NW, GA | G19: ATLW | H19: Southeast | J19: Guilderland Ctr-NY-STR-1 | L19: ALB6 | M19: Guilderland Ctr-NY-STR-1 | N19: ALB6 | P19: AAG34-00T | Q19: Covington-GA-STG-1 | R19: AAG34-00T | U19: 21 | V19: 000001021
A20: 46041 | C20: 1 hour | E20: 22 | F20: Charleston, SC | G20: CHAR | H20: Southeast | J20: Saratoga Springs-NY-STG-1 | L20: ALB7 | M20: Saratoga Springs-NY-STG-1 | N20: ALB7 | P20: AAG35-00 | Q20: McDonough-GA-STG-2 | R20: AAG35-00 | U20: 22 | V20: 000001022
A21: 46042 | C21: 1.25 hours | E21: 23 | F21: Jackson, MS | G21: JACK | H21: Central | J21: Saratoga Springs-NY-STR-1 | L21: ALB8 | M21: Saratoga Springs-NY-STR-1 | N21: ALB8 | P21: AAG35-00T | Q21: McDonough-GA-STG-2 | R21: AAG35-00T | U21: 23 | V21: 000001123
A22: 46043 | C22: 1.5 hours | E22: 24 | F22: Columbus, OH | G22: COLO | H22: Z | J22: Queensbury-NY-STG-1 | L22: ALB9 | M22: Queensbury-NY-STG-1 | N22: ALB9 | P22: AAG5-00 | Q22: Suwanee-GA-STR-1 | R22: AAG5-00 | U22: 24 | V22: 000000024
A23: 46044 | C23: 1.75 hours | E23: 25 | F23: Kansas City, MO-KS | G23: KANS | H23: Z | J23: Alexandria-LA-STR-1 | L23: ALEX | M23: Alexandria-LA-STR-1 | N23: ALEX | P23: AAG5-00T | Q23: Suwanee-GA-STR-1 | R23: AAG5-00T | U23: 25 | V23: 000000025
A24: 46045 | C24: 2 hours | E24: 26 | F24: Chicago, IL | G24: CHIC | H24: Central | J24: Leesville-LA-STR-1 | L24: ALEX2 | M24: Leesville-LA-STR-1 | N24: ALEX2 | P24: AAG8-00 | Q24: Newnan-GA-STG-1 | R24: AAG8-00 | U24: 26 | V24: 000000026
A25: 46046 | C25: 2.25 hours | E25: 27 | F25: Virginia Beach, VA | G25: VBCH | H25: Southeast | J25: Asheville-NC-STG-1 | L25: ASH01 | M25: Asheville-NC-STG-1 | N25: ASH01 | P25: AAG8-00T | Q25: Newnan-GA-STG-1 | R25: AAG8-00T | U25: 27 | V25: 000001027
A26: 46047 | C26: 2.5 hours | E26: 28 | F26: Richmond, VA | G26: RICH | H26: Southeast | J26: Asheville-NC-STR-1 | L26: ASH1 | M26: Asheville-NC-STR-1 | N26: ASH1 | P26: AAG9-00 | Q26: Newman-GA-STG-2 | R26: AAG9-00 | U26: 28 | V26: 000001028
A27: 46048 | C27: 2.75 hours | E27: 29 | F27: Atlanta NE, GA | G27: ATLN | H27: Southeast | J27: Hendersonville-NC-STR-1 | L27: ASH4 | M27: Hendersonville-NC-STR-1 | N27: ASH4 | P27: AAG9-00T | Q27: Newman-GA-STG-2 | R27: AAG9-00T | U27: 29 | V27: 000001129
A28: 46049 | C28: 3 hours | E28: 32 | F28: Birmingham, AL | G28: BIRM | H28: Central | J28: Mills River-NC-STR-1 | L28: ASH5 | M28: Mills River-NC-STR-1 | N28: ASH5 | P28: ABQ-00 | Q28: Albuquerque-NM-STR-1 | R28: ABQ-00 | U28: 32 | V28: 000000032
... A66: 46087 | C66: 12.5 hours | E66: 73 | F66: Tulsa, OK | G66: TULS | H66: Central | J66: Bakersfield-CA-STR-1 | L66: BKF3 | M66: Bakersfield-CA-STR-1 | N66: BKF3 | P66: ATLNW6-00T | Q66: Forest Park-GA-STG-1 | R66: ATLNW6-00T | U66: 73 | V66: 000001073
A67: 46088 | E67: 74 | F67: Oklahoma City, OK | G67: OKLA | H67: Central | J67: Bakersfield-CA-STR-2 | L67: BKF4 | M67: Bakersfield-CA-STR-2 | N67: BKF4 | P67: ATLNW7-00 | Q67: Kennesaw-GA-STR-1 | R67: ATLNW7-00 | U67: 74 | V67: 000001074
A68: 46089 | E68: 75 | F68: Peoria, IL | G68: PEOR | H68: Central | J68: Mojave-CA-STG-1 | L68: BKF5 | M68: Mojave-CA-STG-1 | N68: BKF5 | P68: ATLNW7-00T | Q68: Kennesaw-GA-STR-1 | R68: ATLNW7-00T | U68: 75 | V68: 000001175
A69: 46090 | E69: 76 | F69: Omaha, NE | G69: OMAH | H69: Z | J69: Nampa-ID-STG-1 | L69: BOI4 | M69: Nampa-ID-STG-1 | N69: BOI4 | P69: ATLNW8-00 | Q69: Alpharetta-GA-OVRFL-2 | R69: ATLNW8-00 | U69: 76 | V69: 000000076
A70: 46091 | E70: 77 | F70: Northern New Jersey, NJ | G70: NORJ | H70: Northeast | J70: Boise-ID-STR-1 | L70: BOI6 | M70: Boise-ID-STR-1 | N70: BOI6 | P70: ATLNW8-00T | Q70: Alpharetta-GA-OVRFL-2 | R70: ATLNW8-00T | U70: 77 | V70: 000001077
A71: 46092 | E71: 78 | F71: Salt Lake City, UT | G71: SALT | H71: Central | J71: Caldwell-ID-STR-1 | L71: BOI7 | M71: Caldwell-ID-STR-1 | N71: BOI7 | P71: ATLNW9-00 | Q71: Marietta-GA-OVRFL-2 | R71: ATLNW9-00 | U71: 78 | V71: 000011178
A72: 46093 | E72: 79 | F72: Albuquerque - Santa Fe, NM | G72: ALBQ | H72: Central | J72: Boise-ID-STR-2 | L72: BOI8 | M72: Boise-ID-STR-2 | N72: BOI8 | P72: ATLNW9-00T | Q72: Marietta-GA-OVRFL-2 | R72: ATLNW9-00T | U72: 79 | V72: 000001179
A73: 46094 | E73: 81 | F73: Stockton-Modesto, CA | G73: STOC | H73: West | J73: North Dartmouth-MA-STG-1 | L73: BOSN11 | M73: North Dartmouth-MA-STG-1 | N73: BOSN11 | P73: ATNW10-00 | Q73: Stone Mountain-GA-OVRFL-2 | R73: ATNW10-00 | U73: 81 | V73: 000001181
A74: 46095 | E74: 82 | F74: Fresno, CA | G74: FRNO | H74: West | J74: Kingston-MA-STG-1 | L74: BOSN15 | M74: Kingston-MA-STG-1 | N74: BOSN15 | P74: ATNW10-00T | Q74: Stone Mountain-GA-OVRFL-2 | R74: ATNW10-00T | U74: 82 | V74: 000001182
A75: 46096 | E75: 84 | F75: Bakersfield, CA | G75: BAKE | H75: West | J75: Norwood-MA-STR-1 | L75: BOSN18 | M75: Norwood-MA-STR-1 | N75: BOSN18 | P75: AUG-00 | Q75: Augusta-GA-STR-1 | R75: AUG-00 | U75: 84 | V75: 000001184
A76: 46097 | E76: 86 | F76: Boise, ID | G76: BOIS | H76: West | J76: Auburn-MA-STG-1 | L76: BOSN2 | M76: Auburn-MA-STG-1 | N76: BOSN2 | P76: AUG-00T | Q76: Augusta-GA-STR-1 | R76: AUG-00T | U76: 86 | V76: 000001186
A77: 46098 | E77: 87 | F77: Sacramento, CA | G77: SACR | H77: West | J77: Dover-NH-STG-1 | L77: BOSN20 | M77: Dover-NH-STG-1 | N77: BOSN20 | P77: AURORA-00 | Q77: Aurora-CO-STR-1 | R77: AURORA-00 | U77: 87 | V77: 000001187
A78: 46099 | E78: 88 | F78: Spokane, WA | G78: SPOK | H78: West | J78: Taunton-MA-STR-1 | L78: BOSN21 | M78: Taunton-MA-STR-1 | N78: BOSN21 | P78: AURORA-00T | Q78: Aurora-CO-STR-1 | R78: AURORA-00T | U78: 88 | V78: 000001188
... A141: 46162 | E141: 169 | F141: Alexandria, LA | G141: ALEX | H141: Z | J141: Corpus Christi-TX-STG-1 | L141: CORP3 | M141: Corpus Christi-TX-STG-1 | N141: CORP3 | P141: BOI8-00 | Q141: Boise-ID-STR-2 | R141: BOI8-00 | U141: 183 | V141: 000000183
A142: 46163 | E142: 170 | F142: Edmonton, AB Canada | G142: EDMO | H142: Canada | J142: Corpus Christi-TX-STG-2 | L142: CORP4 | M142: Corpus Christi-TX-STG-2 | N142: CORP4 | P142: BOI8-00T | Q142: Boise-ID-STR-2 | R142: BOI8-00T
A143: 46164 | E143: 176 | F143: Asheville, NC | G143: ASHE | H143: Southeast | J143: Port Charlotte-FL-STR-1 | L143: CPC1 | M143: Port Charlotte-FL-STR-1 | N143: CPC1 | P143: BOSN11-00 | Q143: North Dartmouth-MA-STG-1 | R143: BOSN11-00
A144: 46165 | E144: 177 | F144: Halifax, NS Canada | G144: HALI | H144: Canada | J144: Cresson-TX-STG-1 | L144: CRESN | M144: Cresson-TX-STG-1 | N144: CRESN | P144: BOSN11-00T | Q144: North Dartmouth-MA-STG-1 | R144: BOSN11-00T
A145: 46166 | E145: 178 | F145: Montreal, QC Canada | G145: MTRL | H145: Canada | J145: Clearwater-FL-ADMIN-5 | L145: CSAT | M145: Clearwater-FL-ADMIN-5 | N145: CSAT | P145: BOSN15-00 | Q145: Kingston-MA-STG-1 | R145: BOSN15-00
A146: 46167 | E146: 181 | F146: PODS-US | G146: PEIU | H146: Z | J146: Cayce-SC-STR-1 | L146: CSC | M146: Cayce-SC-STR-1 | N146: CSC | P146: BOSN15-00T | Q146: Kingston-MA-STG-1 | R146: BOSN15-00T
A147: 46168 | E147: 182 | F147: Evansville, IN | G147: EVAN | H147: Northeast | J147: Columbia-SC-STR-2 | L147: CSC1 | M147: Columbia-SC-STR-2 | N147: CSC1 | P147: BOSN18-00 | Q147: Norwood-MA-STR-1 | R147: BOSN18-00
A148: 46169 | E148: 183 | F148: Quad Cities | G148: QUAD | H148: Central | J148: Columbia-SC-STR-1 | L148: CSC2 | M148: Columbia-SC-STR-1 | N148: CSC2 | P148: BOSN18-00T | Q148: Norwood-MA-STR-1 | R148: BOSN18-00T
A149: 46170 | J149: Colorado Springs-CO-STR-1 | L149: CSP3 | M149: Colorado Springs-CO-STR-1 | N149: CSP3 | P149: BOSN2-00 | Q149: Auburn-MA-STG-1 | R149: BOSN2-00
A150: 46171 | J150: Castle Rock-CO-STG-1 | L150: CSP5 | M150: Castle Rock-CO-STG-1 | N150: CSP5 | P150: BOSN20-00 | Q150: Dover-NH-STG-1 | R150: BOSN20-00
A151: 46172 | J151: Colorado Springs-CO-STG-1 | L151: CSP6 | M151: Colorado Springs-CO-STG-1 | N151: CSP6 | P151: BOSN20-00T | Q151: Dover-NH-STG-1 | R151: BOSN20-00T
A152: 46173 | J152: Colorado Springs-CO-STR-2 | L152: CSP8 | M152: Colorado Springs-CO-STR-2 | N152: CSP8 | P152: BOSN2-00T | Q152: Auburn-MA-STG-1 | R152: BOSN2-00T
A153: 46174 | J153: Pueblo-CO-STG-1 | L153: CSP9 | M153: Pueblo-CO-STG-1 | N153: CSP9 | P153: BOSN21-00 | Q153: Taunton-MA-STR-1 | R153: BOSN21-00
A154: 46175 | J154: Daytona Beach-FL-STR-1 | L154: DAB | M154: Daytona Beach-FL-STR-1 | N154: DAB | P154: BOSN21-00T | Q154: Taunton-MA-STR-1 | R154: BOSN21-00T
A155: 46176 | J155: Dallas-TX-STG-1 | L155: DALFP | M155: Dallas-TX-STG-1 | N155: DALFP | P155: BOSN22-00 | Q155: Manchester-NH-STR-1 | R155: BOSN22-00
A156: 46177 | J156: Lancaster-TX-STG-1 | L156: DALHB | M156: Lancaster-TX-STG-1 | N156: DALHB | P156: BOSN22-00T | Q156: Manchester-NH-STR-1 | R156: BOSN22-00T
A157: 46178 | J157: Mckinney-TX-STR-1 | L157: DALMCK | M157: Mckinney-TX-STR-1 | N157: DALMCK | P157: BOSN23-00 | Q157: Littleton-MA-STR-1 | R157: BOSN23-00
A158: 46179 | J158: Denton-TX-STR-1 | L158: DALNW | M158: Denton-TX-STR-1 | N158: DALNW | P158: BOSN23-00T | Q158: Littleton-MA-STR-1 | R158: BOSN23-00T
A159: 46180 | J159: Dayton-OH-STR-1 | L159: DAY | M159: Dayton-OH-STR-1 | N159: DAY | P159: BOSN24-00 | Q159: Merrimack-NH-STG-1 | R159: BOSN24-00
A160: 46181 | J160: Daytona Beach-FL-STR-2 | L160: DAY1 | M160: Daytona Beach-FL-STR-2 | N160: DAY1 | P160: BOSN24-00T | Q160: Merrimack-NH-STG-1 | R160: BOSN24-00T
... A327: 46348 | J327: Abingdon-VA-STG-1 | L327: JCT | M327: Johnson City-TN-STR-1 | N327: JCT | P327: DEM6-00T | Q327: Davenport-IA-STR-1 | R327: DEM6-00T
A328: 46349 | J328: Inactive,Jingjang,,PEIU | L328: JCT2 | M328: Weber City-VA-STG-1 | N328: JCT2 | P328: DEN4-00 | Q328: Castle Rock-CO-STG-2 | R328: DEN4-00 | T328: Davenport-Ia-Str-2
A329: 46350 | J329: Pearl-MS-STR-1 | L329: JCT3 | M329: Abingdon-VA-STG-1 | N329: JCT3 | P329: DEN4-00T | Q329: Castle Rock-CO-STG-2 | R329: DEN4-00T | T329: =_xlfn.XLOOKUP(T328,Q:Q,R:R) -> QC01-00
A330: 46351 | J330: Mililani-HI-STR-1 | L330: JJAP | M330: Inactive,Jingjang,,PEIU | N330: JJAP | P330: DEN5-00 | Q330: Erie-CO-STG-1 | R330: DEN5-00
A331: 46352 | J331: Grandview-MO-STR-1 | L331: JXM | M331: Pearl-MS-STR-1 | N331: JXM | P331: DEN5-00T | Q331: Erie-CO-STG-1 | R331: DEN5-00T
A332: 46353 | J332: Grandview-MO-STR-2 | L332: KAHELU | M332: Mililani-HI-STR-1 | N332: KAHELU | P332: DENO-00 | Q332: Spokane-WA-STG-1 | R332: DENO-00
A333: 46354 | J333: Kapolei-HI-STG-1 | L333: KAN | M333: Grandview-MO-STR-1 | N333: KAN | P333: DENO-00T | Q333: Spokane-WA-STG-1 | R333: DENO-00T
A334: 46355 | J334: Kapolei-HI-STR-2 | L334: KAN1 | M334: Grandview-MO-STR-2 | N334: KAN1 | P334: DENT1-00 | Q334: Denton-TX-STR-2 | R334: DENT1-00
A335: 46356 | J335: Lihue-HI-PORT-1 | L335: KAP4 | M335: Kapolei-HI-STG-1 | N335: KAP4 | P335: DENT1-00T | Q335: Denton-TX-STR-2 | R335: DENT1-00T
A336: 46357 | J336: Kamuela-HI-PORT-1 | L336: KAP6 | M336: Kapolei-HI-STR-2 | N336: KAP6 | P336: DENT2-00 | Q336: McKinney-TX-STR-2 | R336: DENT2-00
A337: 46358 | J337: Maryville-TN-STG-1 | L337: KAUIPT | M337: Lihue-HI-PORT-1 | N337: KAUIPT | P337: DENT2-00T | Q337: McKinney-TX-STR-2 | R337: DENT2-00T
A338: 46359 | J338: Dandridge-TN-STG-1 | L338: KAWAPT | M338: Kamuela-HI-PORT-1 | N338: KAWAPT | P338: DENT3-00 | Q338: Dallas-TX-STG-1 | R338: DENT3-00
A339: 46360 | J339: Harriman-TN-STG-1 | L339: KNX10 | M339: Maryville-TN-STG-1 | N339: KNX10 | P339: DENT3-00T | Q339: Dallas-TX-STG-1 | R339: DENT3-00T
A340: 46361 | J340: Knoxville-TN-STR-2 | L340: KNX11 | M340: Dandridge-TN-STG-1 | N340: KNX11 | P340: DENV-00 | Q340: Aurora-CO-STR-2 | R340: DENV-00
A341: 46362 | J341: Knoxville-TN-STR-1 | L341: KNX12 | M341: Harriman-TN-STG-1 | N341: KNX12 | P341: DENV-00T | Q341: Aurora-CO-STR-2 | R341: DENV-00T
... A731: 46752 | J731: Frankfort,NY-STG-1 | L731: SYR7 | M731: Watertown-NY-STG-1 | N731: SYR7 | P731: LOU6-00 | Q731: Jeffersonville-IN-STG-1 | R731: LOU6-00
J732: Midway-FL-STR-1 | L732: SYR8 | M732: Cortland-NY-STG-2 | N732: SYR8 | P732: LOU6-00T | Q732: Jeffersonville-IN-STG-1 | R732: LOU6-00T
J733: Tallahassee-FL-STG-1 | L733: SYR9 | M733: Frankfort-Ny-Stg-1 | N733: SYR9 | P733: LRA2-00 | Q733: Little Rock-AR-STR-1 | R733: LRA2-00
J734: Tampa-FL-STR-2 | L734: TAL3 | M734: Midway-FL-STR-1 | N734: TAL3 | P734: LRA2-00T | Q734: Little Rock-AR-STR-1 | R734: LRA2-00T
J735: Spring Hill-FL-STR-1 | L735: TAL4 | M735: Tallahassee-FL-STG-1 | N735: TAL4 | P735: LRA3-00 | Q735: Conway-AR-STG-1 | R735: LRA3-00
J736: Largo-FL-STR-1 | L736: TAM2 | M736: Tampa-FL-STR-2 | N736: TAM2 | P736: LRA3-00T | Q736: Conway-AR-STG-1 | R736: LRA3-00T
J737: Tampa-FL-OVRFL-1 | L737: TAM3 | M737: Spring Hill-FL-STR-1 | N737: TAM3 | P737: LRA5-00 | Q737: Hot Springs-AR-STG-2 | R737: LRA5-00
J738: Holiday-FL-STR-1 | L738: TAM4 | M738: Largo-FL-STR-1 | N738: TAM4 | P738: LRA5-00T | Q738: Hot Springs-AR-STG-2 | R738: LRA5-00T
J739: Pinellas Park-FL-STR-2 | L739: TAM5 | M739: Tampa-FL-OVRFL-1 | N739: TAM5 | P739: LUB-00 | Q739: Wolfforth-TX-STR-1 | R739: LUB-00
J740: Tampa-FL-STR-3 | L740: TAR | M740: Holiday-FL-STR-1 | N740: TAR | P740: LUB-00T | Q740: Wolfforth-TX-STR-1 | R740: LUB-00T
J741: Lakeland-FL-STR-4 | L741: TB09 | M741: Pinellas Park-FL-STR-2 | N741: TB09 | P741: LUB1-00 | Q741: Amarillo-TX-OVRFL-1 | R741: LUB1-00
J742: Toledo-OH-STR-1 | L742: TB10 | M742: Pinellas Park-FL-HUB-3 | N742: TB10 | P742: LUB1-00T | Q742: Amarillo-TX-OVRFL-1 | R742: LUB1-00T
J743: Fort Wayne-IN-STR-1 | L743: TBTMB | M743: Tampa-FL-STR-3 | N743: TBTMB | P743: LUB2-00 | Q743: Clovis-TX-STG-1 | R743: LUB2-00
... J788: Winnipeg-MB-STG-1 | L788: WIN3 | M788: Winchester-VA-STR-1 | N788: WIN3 | P788: MCAL-00T | Q788: Edinburg-TX-STR-1 | R788: MCAL-00T
L789: WINN | M789: Winnipeg-MB-STR-1 | N789: WINN | P789: MCAL3-00 | Q789: Harlingen-TX-STG-1 | R789: MCAL3-00
L790: WINN4 | M790: Winnipeg-MB-BOND-1 | N790: WINN4 | P790: MCAL5-00 | Q790: Laredo-TX-STR-1 | R790: MCAL5-00
L791: WINN5 | M791: Winnipeg-MB-STG-1 | N791: WINN5 | P791: MCBS-00 | Q791: Mount Pleasant-PA-STR-1 | R791: MCBS-00
P792: MCBS-00T | Q792: Mount Pleasant-PA-STR-1 | R792: MCBS-00T
P793: MCH-00 | Q793: Chambersburg-PA-STR-1 | R793: MCH-00
P794: MCH-00T | Q794: Chambersburg-PA-STR-1 | R794: MCH-00T
P795: MCH2-00 | Q795: Chambersburg-PA-STR-2 | R795: MCH2-00
P796: MCH2-00T | Q796: Chambersburg-PA-STR-2 | R796: MCH2-00T
P797: MCH3-00 | Q797: Chambersburg-PA-HUB-1 | R797: MCH3-00
P798: MCH3-00T | Q798: Chambersburg-PA-HUB-1 | R798: MCH3-00T
P799: MCHA-00 | Q799: Chattanooga-TN-STR-2 | R799: MCHA-00
...

Sheet Market Listing
A1: Franchisee | C1: Master Franchisee List
A3: 44813
A6: RBMS Market # | B6: PODS Market Name | C6: Market Legal Name | D6: Corp?
A7: 1 | B7: Tampa Bay, FL | C7: PODS Enterprises, LLC | D7: Yes | E7: Corp. Ops.
A8: 2 | B8: Sarasota, FL | C8: PODS Enterprises, LLC | D8: Yes | E8: Corp. Ops.
A9: 3 | B9: South Florida | C9: PODS Enterprises, LLC | D9: Yes | E9: Corp. Ops.
A10: 4 | B10: Orlando, FL | C10: PODS Enterprises, LLC | D10: Yes | E10: Corp. Ops.
A11: 5 | B11: Minneapolis, MN | C11: PODS Enterprises, LLC | D11: Yes | E11: Corp. Ops.
A12: 6 | B12: Charlotte, NC | C12: PODS Enterprises, LLC | D12: Yes | E12: Corp. Ops.
A13: 7 | B13: Indianapolis, IN | C13: Portable Storage, Inc. | D13: Fran | E13: Franchisee
A14: 8 | B14: Greater Cincinnati | C14: PODS Enterprises, LLC | D14: Yes | E14: Corp. Ops.
A15: 9 | B15: PODS Inter-Franchise | C15: PODS IF - (Type in Hub Location) | D15: Yes | E15: Corp. Ops.
A16: 10 | B16: Daytona, FL | C16: PODS Enterprises, LLC | D16: Yes | E16: Corp. Ops.
A17: 11 | B17: Jacksonville, FL | C17: PODS Enterprises, LLC | D17: Yes | E17: Corp. Ops.
A18: 12 | B18: Melbourne, FL | C18: PODS Enterprises, LLC | D18: Yes | E18: Corp. Ops.
... A151: 183 | B151: Quad Cities | C151: PODS Enterprises, LLC | D151: Yes | E151: Corp. Ops.
A152: (Type in Market #) | B152: (Auto-populates after Mkt # is entered) | C152: (Auto-populates after Mkt # is entered)

Sheet Locations
A1: [GL Location Id] | B1: [GL Location Name] | C1: [Site Id] | D1: [Site Name] | E1: [Site Street] | F1: [Site City] | G1: [Site State] | H1: [Site Zip Code] | I1: [Site County] | J1: [Site Country] | K1: [Site Market Id] | L1: [Site Active Flag] | M1: [Site Corporate Flag] | N1: [Site Parent Id] | O1: [Site Parent Name] | P1: [Site Market Code] | Q1: [Site Market Name] | R1: [Site Territory Manager Id] | S1: [Site Territory Manager Name] | T1: [Site Region Id] | U1: [Site Region Name] | V1: [Site Territory Name] | W1: [Site Territory Id] | X1: [GL Site Status Id] | Y1: [Site Type Desc] | Z1: [Site Status Desc] | AA1: [Site Size Sq Ft] | AB1: [Site Term Date] | AC1: [Site Sublease Size Sq Ft] | AD1: [Long Haul Region Code] | AE1: [Long Haul Region Name] | AF1: [RBMS Local Timezone offset] | AG1: [Site Level Limit Indicator] | AH1: [Market Size] | AI1: [Site] | AJ1: [Site Parent] | AK1: [Site Market] | AL1: [Driver Training GL Location Id] | AM1: [Driver Training GL Site Id] | AN1: [Driver Training Site City] | AO1: [Site Sublease Term Date] | AP1: [Pricing Region Name] | AQ1: [Site Market Latitude] | AR1: [Site Market Longitude]
A2: JS05 | B2: Mays Landing-Nj-Str-1 | C2: ENJ8 | D2: Mays Landing-Nj-Str-1 | E2: 45 Mill Street | F2: Mays Landing | G2: NJ | H2: 08330 | I2: Atlantic | J2: USA | K2: 107 | L2: false | M2: true | N2: ENJ9 | O2: Farmingdale-NJ-STR-1 | P2: NEWJ | Q2: Jersey Shore, NJ | R2: TBD | S2: Keith Clemens | T2: 2 | U2: Northeast | V2: New Jersey | W2: 25 | X2: Closing FPnA | Y2: Storage | Z2: Closing FPnA | AD2: NE | AE2: North East | AF2: 0 | AG2: TRUE | AH2: SMALL | AI2: ENJ8 : Mays Landing-Nj-Str-1 : 45 Mill Street | AJ2: Parent ENJ9 : Farmingdale-NJ-STR-1 | AK2: NEWJ : Jersey Shore, NJ | AP2: Northeast | AQ2: 40.18701 | AR2: -74.162566
A3: -1 : ALBA | B3: Site Market: Albany, NY | C3: -1 : ALBA | D3: Site Market: Albany, NY | G3: NY | H3: 12085-7703 | J3: USA | K3: 89 | L3: true | M3: true | N3: ALB6 | O3: Guilderland Ctr-NY-STR-1 | P3: ALBA | Q3: Albany, NY | R3: TBD | S3: Chad Goodness | T3: 2 | U3: Northeast | V3: NY Upstate | W3: 22 | X3: Active | Y3: Dummy Record - Storage | Z3: Dummy Record | AA3: 0 | AB3: 401768 | AC3: 0 | AD3: NE | AE3: North East | AF3: 0 | AG3: FALSE | AH3: SMALL | AI3: -1 : ALBA : Site Market: Albany, NY : | AJ3: Parent ALB6 : Guilderland Ctr-NY-STR-1 | AK3: ALBA : Albany, NY | AO3: 401768 | AP3: Northeast | AQ3: 42.690056 | AR3: -73.957626
A4: -1 : ALBQ | B4: Site Market: Albuquerque - Santa Fe, NM | C4: -1 : ALBQ | D4: Site Market: Albuquerque - Santa Fe, NM | G4: NM | H4: 87501 | J4: USA | K4: 79 | L4: true | M4: true | N4: ABQ | O4: Albuquerque-NM-STR-1 | P4: ALBQ | Q4: Albuquerque - Santa Fe, NM | R4: TBD | S4: Anthony Virtue | T4: 10 | U4: Central | V4: Mountain | W4: 51 | X4: Active | Y4: Dummy Record - Storage | Z4: Dummy Record | AA4: 0 | AB4: 401768 | AC4: 0 | AD4: TX | AE4: Texas | AF4: -2 | AG4: TRUE | AH4: MED | AI4: -1 : ALBQ : Site Market: Albuquerque - Santa Fe, NM : | AJ4: Parent ABQ : Albuquerque-NM-STR-1 | AK4: ALBQ : Albuquerque - Santa Fe, NM | AO4: 401768 | AP4: Mountain | AQ4: 35.057713 | AR4: -106.63887
A5: -1 : ALEX | B5: Site Market: Alexandria, LA | C5: -1 : ALEX | D5: Site Market: Alexandria, LA | G5: LA | H5: 71446 | J5: USA | K5: 169 | L5: true | M5: false | N5: ALEX2 | O5: Leesville-LA-STR-1 | P5: ALEX | Q5: Alexandria, LA | R5: TBD | S5: Joseph Carlo II | T5: 7 | U5: Z | V5: Franchise | W5: 71 | X5: Active | Y5: Dummy Record - Storage | Z5: Dummy Record | AA5: 0 | AB5: 401768 | AC5: 0 | AD5: MS | AE5: Mississippi | AF5: -1 | AG5: FALSE | AH5: LG | AI5: -1 : ALEX : Site Market: Alexandria, LA : | AJ5: Parent ALEX2 : Leesville-LA-STR-1 | AK5: ALEX : Alexandria, LA | AO5: 401768 | AP5: Southeast | AQ5: 31.28287 | AR5: -92.53797
A6: -1 : ASHE | B6: Site Market: Asheville, NC | C6: -1 : ASHE | D6: Site Market: Asheville, NC | G6: NC | H6: 28759 | J6: USA | K6: 176 | L6: true | M6: true | N6: ASH5 | O6: Mills River-NC-STR-1 | P6: ASHE | Q6: Asheville, NC | R6: TBD | S6: Jerome Preston | T6: 1 | U6: Southeast | V6: Inland Carolinas | W6: 12 | X6: Active | Y6: Dummy Record - Storage | Z6: Dummy Record | AA6: 0 | AB6: 401768 | AC6: 0 | AD6: SE | AE6: South East | AF6: 0 | AG6: FALSE | AH6: SMALL | AI6: -1 : ASHE : Site Market: Asheville, NC : | AJ6: Parent ASH5 : Mills River-NC-STR-1 | AK6: ASHE : Asheville, NC | AO6: 401768 | AP6: Southeast | AQ6: 35.425924 | AR6: -82.554208
A7: -1 : ASTN | B7: Site Market: Austin, TX | C7: -1 : ASTN | D7: Site Market: Austin, TX | G7: TX | H7: 78666 | J7: USA | K7: 35 | L7: true | M7: true | N7: AUS7 | O7: San Marcos-TX-STR-1 | P7: ASTN | Q7: Austin, TX | R7: TBD | S7: Greg Payne | T7: 10 | U7: Central | V7: Southwest TX | W7: 53 | X7: Active | Y7: Dummy Record - Storage | Z7: Dummy Record | AA7: 0 | AB7: 401768 | AC7: 0 | AD7: TX | AE7: Texas | AF7: -1 | AG7: TRUE | AH7: LG | AI7: -1 : ASTN : Site Market: Austin, TX : | AJ7: Parent AUS7 : San Marcos-TX-STR-1 | AK7: ASTN : Austin, TX | AO7: 401768 | AP7: Greater Texas | AQ7: 30.148928 | AR7: -97.651072
A8: -1 : ATLN | B8: Site Market: Atlanta NE, GA | C8: -1 : ATLN | D8: Site Market: Atlanta NE, GA | G8: GA | H8: 30344 | J8: USA | K8: 29 | L8: true | M8: true | N8: AAG5 | O8: Suwanee-GA-STR-1 | P8: ATLN | Q8: Atlanta NE, GA | R8: TBD | S8: Ricky Pettigrew | T8: 1 | U8: Southeast | V8: Georgia | W8: 11 | X8: Active | Y8: Dummy Record - Storage | Z8: Dummy Record | AA8: 0 | AB8: 401768 | AC8: 0 | AD8: SE | AE8: South East | AF8: 0 | AG8: TRUE | AH8: XL | AI8: -1 : ATLN : Site Market: Atlanta NE, GA : | AJ8: Parent AAG5 : Suwanee-GA-STR-1 | AK8: ATLN : Atlanta NE, GA | AO8: 401768 | AP8: Southeast | AQ8: 33.697028 | AR8: -84.440175
A9: -1 : ATLW | B9: Site Market: Atlanta NW, GA | C9: -1 : ATLW | D9: Site Market: Atlanta NW, GA | G9: GA | H9: 30144 | J9: USA | K9: 21 | L9: true | M9: true | N9: ATLNW7 | O9: Powder Springs-GA-STR-1 | P9: ATLW | Q9: Atlanta NW, GA | R9: TBD | S9: Ricky Pettigrew | T9: 1 | U9: Southeast | V9: Georgia | W9: 11 | X9: Active | Y9: Dummy Record - Storage | Z9: Dummy Record | AA9: 0 | AB9: 401768 | AC9: 0 | AD9: SE | AE9: South East | AF9: 0 | AG9: FALSE | AH9: MED | AI9: -1 : ATLW : Site Market: Atlanta NW, GA : | AJ9: Parent ATLNW7 : Powder Springs-GA-STR-1 | AK9: ATLW : Atlanta NW, GA | AO9: 401768 | AP9: Southeast | AQ9: 34.045555 | AR9: -84.61081
A10: -1 : AUGU | B10: Site Market: Augusta, GA | C10: -1 : AUGU | D10: Site Market: Augusta, GA | G10: GA | H10: 30909 | J10: USA | K10: 125 | L10: true | M10: true | N10: AUG | O10: Augusta-GA-STR-1 | P10: AUGU | Q10: Augusta, GA | R10: TBD | S10: John Schlueter | T10: 1 | U10: Southeast | V10: Coastal Carolina | W10: 10 | X10: Active | Y10: Dummy Record - Storage | Z10: Dummy Record | AA10: 0 | AB10: 401768 | AC10: 0 | AD10: SE | AE10: South East | AF10: 0 | AG10: FALSE | AH10: SMALL | AI10: -1 : AUGU : Site Market: Augusta, GA : | AJ10: Parent AUG : Augusta-GA-STR-1 | AK10: AUGU : Augusta, GA | AO10: 401768 | AP10: Southeast | AQ10: 33.444229 | AR10: -82.068839
A11: -1 : BAKE | B11: Site Market: Bakersfield, CA | C11: -1 : BAKE | D11: Site Market: Bakersfield, CA | G11: CA | H11: 93313-2121 | J11: USA | K11: 84 | L11: true | M11: true | N11: BKF4 | O11: Bakersfield-CA-STR-2 | P11: BAKE | Q11: Bakersfield, CA | R11: TBD | S11: Nik Sorenson | T11: 4 | U11: West | V11: Greater Los Angeles | W11: 45 | X11: Active | Y11: Dummy Record - Storage | Z11: Dummy Record | AA11: 0 | AB11: 401768 | AC11: 0 | AD11: SW | AE11: South West | AF11: -3 | AG11: FALSE | AH11: XS | AI11: -1 : BAKE : Site Market: Bakersfield, CA : | AJ11: Parent BKF4 : Bakersfield-CA-STR-2 | AK11: BAKE : Bakersfield, CA | AO11: 401768 | AP11: California | AQ11: 35.31601 | AR11: -119.08029
A12: -1 : BALT | B12: Site Market: Baltimore, MD | C12: -1 : BALT | D12: Site Market: Baltimore, MD | G12: MD | H12: 21220 | J12: USA | K12: 41 | L12: true | M12: true | N12: BAL8 | O12: Middle River-MD-STR-1 | P12: BALT | Q12: Baltimore, MD | R12: TBD | S12: Don Pallante | T12: 2 | U12: Northeast | V12: Mid Atlantic | W12: 20 | X12: Active | Y12: Dummy Record - Storage | Z12: Dummy Record | AA12: 0 | AB12: 401768 | AC12: 0 | AD12: NE | AE12: North East | AF12: 0 | AG12: TRUE | AH12: MED | AI12: -1 : BALT : Site Market: Baltimore, MD : | AJ12: Parent BAL8 : Middle River-MD-STR-1 | AK12: BALT : Baltimore, MD | AO12: 401768 | AP12: Northeast | AQ12: 39.176373 | AR12: -76.771542
A13: -1 : BEAU | B13: Site Market: Beaumont, TX | C13: -1 : BEAU | D13: Site Market: Beaumont, TX | G13: TX | H13: 77705 | J13: USA | K13: 147 | L13: true | M13: true | N13: BEAU | O13: Beaumont-TX-STR-1 | P13: BEAU | Q13: Beaumont, TX | R13: TBD | S13: Timothy R Preston | T13: 10 | U13: Central | V13: TX Gulf Coast | W13: 54 | X13: Active | Y13: Dummy Record - Storage | Z13: Dummy Record | AA13: 0 | AB13: 401768 | AC13: 0 | AD13: TX | AE13: Texas | AF13: -1 | AG13: FALSE | AH13: XS | AI13: -1 : BEAU : Site Market: Beaumont, TX : | AJ13: Parent BEAU : Beaumont-TX-STR-1 | AK13: BEAU : Beaumont, TX | AO13: 401768 | AP13: Greater Texas | AQ13: 30.044903 | AR13: -94.151368
A14: -1 : BETH | B14: Site Market: Bethlehem, PA | C14: -1 : BETH | D14: Site Market: Bethlehem, PA | G14: PA | H14: 18104-9038 | J14: USA | K14: 135 | L14: true | M14: true | N14: BETH5 | O14: Allentown-PA-STR-1 | P14: BETH | Q14: Bethlehem, PA | R14: TBD | S14: Don Pallante | T14: 2 | U14: Northeast | V14: Mid Atlantic | W14: 20 | X14: Active | Y14: Dummy Record - Storage | Z14: Dummy Record | AA14: 0 | AB14: 401768 | AC14: 0 | AD14: NE | AE14: North East | AF14: 0 | AG14: FALSE | AH14: MED | AI14: -1 : BETH : Site Market: Bethlehem, PA : | AJ14: Parent BETH5 : Allentown-PA-STR-1 | AK14: BETH : Bethlehem, PA | AO14: 401768 | AP14: Northeast | AQ14: 40.602497 | AR14: -75.575774
... A94: -1 : PASO | B94: Site Market: El Paso, TX | C94: -1 : PASO | D94: Site Market: El Paso, TX | G94: TX | H94: 79936-2502 | J94: USA | K94: 101 | L94: true | M94: true | N94: ELP5 | O94: El Paso-TX-STR-2 | P94: PASO | Q94: El Paso, TX | R94: TBD | S94: Anthony Virtue | T94: 10 | U94: Central | V94: Mountain | W94: 51 | X94: Active | Y94: Dummy Record - Storage | Z94: Dummy Record | AA94: 0 | AB94: 401768 | AC94: 0 | AD94: TX | AE94: Texas | AF94: -2 | AG94: FALSE | AH94: SMALL | AI94: -1 : PASO : Site Market: El Paso, TX : | AJ94: Parent ELP5 : El Paso-TX-STR-2 | AK94: PASO : El Paso, TX | AO94: 401768 | AP94: Greater Texas | AQ94: 31.818922 | AR94: -106.38211
A95: -1 : PEIU | B95: Site Market: PODS-US | C95: -1 : PEIU | D95: Site Market: PODS-US | G95: CA | H95: 95742 | J95: USA | K95: 13 | L95: true | M95: true | N95: MREP | O95: Rancho Cordova-CA-STR-1 | P95: PEIU | Q95: PODS-US | R95: TBD | S95: Tom Martin | T95: 7 | U95: Z | V95: PODS | W95: 72 | X95: Active | Y95: Dummy Record - Storage | Z95: Dummy Record | AA95: 0 | AB95: 401768 | AC95: 0 | AD95: NW | AE95: North West | AF95: 0 | AG95: FALSE | AH95: LG | AI95: -1 : PEIU : Site Market: PODS-US : | AJ95: Parent MREP : Rancho Cordova-CA-STR-1 | AK95: PEIU : PODS-US | AO95: 401768
A96: -1 : PEOR | B96: Site Market: Peoria, IL | C96: -1 : PEOR | D96: Site Market: Peoria, IL | G96: IL | H96: 61604 | J96: USA | K96: 75 | L96: true | M96: true | N96: PEO5 | O96: Peoria-IL-STR-3 | P96: PEOR | Q96: Peoria, IL | R96: TBD | S96: Scott Paul Mortensen | T96: 10 | U96: Central | V96: Central | W96: 30 | X96: Active | Y96: Dummy Record - Storage | Z96: Dummy Record | AA96: 0 | AB96: 401768 | AC96: 0 | AD96: IL | AE96: Illinois | AF96: -1 | AG96: FALSE | AH96: XS | AI96: -1 : PEOR : Site Market: Peoria, IL : | AJ96: Parent PEO5 : Peoria-IL-STR-3 | AK96: PEOR : Peoria, IL | AO96: 401768 | AP96: Midwest | AQ96: 40.68891 | AR96: -89.70292
A97: -1 : PHIL | B97: Site Market: Philadelphia, PA | C97: -1 : PHIL | D97: Site Market: Philadelphia, PA | G97: NJ | H97: 19720 | J97: USA | K97: 55 | L97: true | M97: true | N97: PHLY9 | O97: New Castle-DE-STR-1 | P97: PHIL | Q97: Philadelphia, PA | R97: TBD | S97: Keith Clemens | T97: 2 | U97: Northeast | V97: New Jersey | W97: 25 | X97: Active | Y97: Dummy Record - Storage | Z97: Dummy Record | AA97: 0 | AB97: 401768 | AC97: 0 | AD97: NE | AE97: North East | AF97: 0 | AG97: TRUE | AH97: LG | AI97: -1 : PHIL : Site Market: Philadelphia, PA : | AJ97: Parent PHLY9 : New Castle-DE-STR-1 | AK97: PHIL : Philadelphia, PA | AO97: 401768 | AP97: Northeast | AQ97: 40.619167 | AR97: -75.519722
A98: -1 : PHNX | B98: Site Market: Phoenix, AZ | C98: -1 : PHNX | D98: Site Market: Phoenix, AZ | G98: AZ | H98: 85353-2844 | J98: USA | K98: 42 | L98: true | M98: false | N98: PHOE8 | O98: Unknown | P98: PHNX | Q98: Phoenix, AZ | R98: TBD | S98: Joseph Carlo II | T98: 7 | U98: Z | V98: Franchise | W98: 71 | X98: Active | Y98: Dummy Record - Storage | Z98: Dummy Record | AA98: 0 | AB98: 401768 | AC98: 0 | AD98: SW | AE98: South West | AF98: -3 | AG98: FALSE | AH98: LG | AI98: -1 : PHNX : Site Market: Phoenix, AZ : | AJ98: Parent PHOE8 : Unknown | AK98: PHNX : Phoenix, AZ | AO98: 401768 | AP98: West Desert | AQ98: 33.438859 | AR98: -112.26255
A99: -1 : PITT | B99: Site Market: Pittsburgh, PA | C99: -1 : PITT | D99: Site Market: Pittsburgh, PA | G99: PA | H99: 15085 | J99: USA | K99: 93 | L99: true | M99: true | N99: PIT9 | O99: Trafford-PA-STR-1 | P99: PITT | Q99: Pittsburgh, PA | R99: TBD | S99: Daniel Cirwinski | T99: 2 | U99: Northeast | V99: Great Lakes | W99: 31 | X99: Active | Y99: Dummy Record - Storage | Z99: Dummy Record | AA99: 0 | AB99: 401768 | AC99: 0 | AD99: OH | AE99: Ohio | AF99: 0 | AG99: TRUE | AH99: MED | AI99: -1 : PITT : Site Market: Pittsburgh, PA : | AJ99: Parent PIT9 : Trafford-PA-STR-1 | AK99: PITT : Pittsburgh, PA | AO99: 401768 | AP99: Northeast | AQ99: 40.564542 | AR99: -80.218181
A100: -1 : PORT | B100: Site Market: Portland, OR | C100: -1 : PORT | D100: Site Market: Portland, OR | G100: OR | H100: 97203 | J100: USA | K100: 51 | L100: true | M100: true | N100: PORT4 | O100: Wilsonville-OR-STR-1 | P100: PORT | Q100: Portland, OR | R100: TBD | S100: DJ Geehan | T100: 4 | U100: West | V100: Pacific Northwest | W100: 43 | X100: Active | Y100: Dummy Record - Storage | Z100: Dummy Record | AA100: 0 | AB100: 401768 | AC100: 0 | AD100: NW | AE100: North West | AF100: -3 | AG100: TRUE | AH100: LG | AI100: -1 : PORT : Site Market: Portland, OR : | AJ100: Parent PORT4 : Wilsonville-OR-STR-1 | AK100: PORT : Portland, OR | AO100: 401768 | AP100: Northwest | AQ100: 45.398207 | AR100: -122.53513
A101: -1 : PROV | B101: Site Market: Providence, RI | C101: -1 : PROV | D101: Site Market: Providence, RI | G101: RI | H101: 02852 | J101: USA | K101: 61 | L101: true | M101: true | N101: PROV3 | O101: North Kingstown-RI-STR-1 | P101: PROV | Q101: Providence, RI | R101: TBD | S101: Christopher Mooney | T101: 2 | U101: Northeast | V101: New England | W101: 24 | X101: Active | Y101: Dummy Record - Storage | Z101: Dummy Record | AA101: 0 | AB101: 401768 | AC101: 0 | AD101: NE | AE101: North East | AF101: 0 | AG101: FALSE | AH101: MED | AI101: -1 : PROV : Site Market: Providence, RI : | AJ101: Parent PROV3 : North Kingstown-RI-STR-1 | AK101: PROV : Providence, RI | AO101: 401768 | AP101: Northeast | AQ101: 41.552525 | AR101: -71.468201
A102: -1 : QUAD | B102: Site Market: Quad Cities | C102: -1 : QUAD | D102: Site Market: Quad Cities | G102: IA | H102: 52806-4367 | J102: USA | K102: 183 | L102: true | M102: true | N102: QC01 | O102: Davenport-Ia-Str-2 | P102: QUAD | Q102: Quad Cities | R102: TBD | S102: Robert Carner | T102: 10 | U102: Central | V102: Upper Midwest | W102: 32 | X102: Active | Y102: Dummy Record - Storage | Z102: Dummy Record | AA102: 0 | AB102: 401768 | AC102: 0 | AD102: MT | AE102: Mountain | AF102: -1 | AG102: TRUE | AH102: XS | AI102: -1 : QUAD : Site Market: Quad Cities : | AJ102: Parent QC01 : Davenport-Ia-Str-2 | AK102: QUAD : Quad Cities | AO102: 401768 | AP102: Midwest | AQ102: 41.61024 | AR102: -90.63755
A103: -1 : RALE | B103: Site Market: Raleigh, NC | C103: -1 : RALE | D103: Site Market: Raleigh, NC | G103: NC | H103: 27617 | J103: USA | K103: 15 | L103: true | M103: true | N103: RAL7 | O103: Raleigh-NC-STR-1 | P103: RALE | Q103: Raleigh, NC | R103: TBD | S103: Jerome Preston | T103: 1 | U103: Southeast | V103: Inland Carolinas | W103: 12 | X103: Active | Y103: Dummy Record - Storage | Z103: Dummy Record | AA103: 0 | AB103: 401768 | AC103: 0 | AD103: VA | AE103: Virginia | AF103: 0 | AG103: FALSE | AH103: LG | AI103: -1 : RALE : Site Market: Raleigh, NC : | AJ103: Parent RAL7 : Raleigh-NC-STR-1 | AK103: RALE : Raleigh, NC | AO103: 401768 | AP103: Southeast | AQ103: 35.763757 | AR103: -78.515031
A104: -1 : RENO | B104: Site Market: Reno, NV | C104: -1 : RENO | D104: Site Market: Reno, NV | G104: NV | H104: 89521 | J104: USA | K104: 105 | L104: true | M104: true | N104: RENO4 | O104: Reno-NV-STR-1 | P104: RENO | Q104: Reno, NV | R104: TBD | S104: Anthony Virtue | T104: 10 | U104: Central | V104: Mountain | W104: 51 | X104: Active | Y104: Dummy Record - Storage | Z104: Dummy Record | AA104: 0 | AB104: 401768 | AC104: 0 | AD104: NW | AE104: North West | AF104: -3 | AG104: FALSE | AH104: SMALL | AI104: -1 : RENO : Site Market: Reno, NV : | AJ104: Parent RENO4 : Reno-NV-STR-1 | AK104: RENO : Reno, NV | AO104: 401768 | AP104: West Desert | AQ104: 39.446615 | AR104: -119.75541
A105: -1 : RICH | B105: Site Market: Richmond, VA | C105: -1 : RICH | D105: Site Market: Richmond, VA | G105: VA | H105: 23228 | J105: USA | K105: 28 | L105: true | M105: true | N105: RIC5 | O105: Henrico-VA-STR-1 | P105: RICH | Q105: Richmond, VA | R105: TBD | S105: Jerome Preston | T105: 1 | U105: Southeast | V105: Inland Carolinas | W105: 12 | X105: Active | Y105: Dummy Record - Storage | Z105: Dummy Record | AA105: 0 | AB105: 401768 | AC105: 0 | AD105: VA | AE105: Virginia | AF105: 0 | AG105: FALSE | AH105: MED | AI105: -1 : RICH : Site Market: Richmond, VA : | AJ105: Parent RIC5 : Henrico-VA-STR-1 | AK105: RICH : Richmond, VA | AO105: 401768 | AP105: Northeast | AQ105: 37.974759 | AR105: -78.228412
A106: -1 : ROAN | B106: Site Market: Roanoke - Lynchburg, VA | C106: -1 : ROAN | D106: Site Market: Roanoke - Lynchburg, VA | G106: VA | H106: 24019 | J106: USA | K106: 130 | L106: true | M106: true | N106: ROA4 | O106: Roanoke-VA-STR-1 | P106: ROAN | Q106: Roanoke - Lynchburg, VA | R106: TBD | S106: Jerome Preston | T106: 1 | U106: Southeast | V106: Inland Carolinas | W106: 12 | X106: Active | Y106: Dummy Record - Storage | Z106: Dummy Record | AA106: 0 | AB106: 401768 | AC106: 0 | AD106: VA | AE106: Virginia | AF106: 0 | AG106: FALSE | AH106: XS | AI106: -1 : ROAN : Site Market: Roanoke - Lynchburg, VA : | AJ106: Parent ROA4 : Roanoke-VA-STR-1 | AK106: ROAN : Roanoke - Lynchburg, VA | AO106: 401768 | AP106: Southeast | AQ106: 37.314815 | AR106: -79.978696
A107: -1 : ROCH | B107: Site Market: Rochester, NY | C107: -1 : ROCH | D107: Site Market: Rochester, NY | G107: NY | H107: 14609 | J107: USA | K107: 94 | L107: true | M107: true | N107: RCH4 | O107: Rochester-NY-STR-1 | P107: ROCH | Q107: Rochester, NY | R107: TBD | S107: Chad Goodness | T107: 2 | U107: Northeast | V107: NY Upstate | W107: 22 | X107: Active | Y107: Dummy Record - Storage | Z107: Dummy Record | AA107: 0 | AB107: 401768 | AC107: 0 | AD107: NE | AE107: North East | AF107: 0 | AG107: FALSE | AH107: SMALL | AI107: -1 : ROCH : Site Market: Rochester, NY : | AJ107: Parent RCH4 : Rochester-NY-STR-1 | AK107: ROCH : Rochester, NY | AO107: 401768 | AP107: Northeast | AQ107: 43.159166 | AR107: -77.577135
... A139: -1 : WINN | B139: Site Market: Winnipeg, MB Canada | C139: -1 : WINN | D139: Site Market: Winnipeg, MB Canada | G139: MB | H139: R2X 1R3 | J139: CAN | K139: 168 | L139: true | M139: true | N139: WINN | O139: Winnipeg-MB-STR-1 | P139: WINN | Q139: Winnipeg, MB Canada | R139: TBD | S139: Unknown | T139: 10 | U139: Central | V139: Canada Central | W139: 62 | X139: Active | Y139: Dummy Record - Storage | Z139: Dummy Record | AA139: 0 | AB139: 401768 | AC139: 0 | AD139: CA | AE139: Canada | AF139: -1 | AG139: FALSE | AH139: XS | AI139: -1 : WINN : Site Market: Winnipeg, MB Canada : | AJ139: Parent WINN : Winnipeg-MB-STR-1 | AK139: WINN : Winnipeg, MB Canada | AO139: 401768 | AP139: Canada | AQ139: 50.085934 | AR139: -97.21933
A140: 0000 | B140: Clearwater-Fl-Admin-1 | C140: ADMIN | D140: Clearwater-Fl-Admin-1 | E140: 13535 Feather Sound Dr | F140: Clearwater | G140: FL | H140: 33762-2259 | I140: Pinellas | J140: USA | N140: ADMIN | O140: Clearwater-FL-ADMIN-1 | P140: 0000 | Q140: General | R140: TBD | S140: Tom Martin | T140: 7 | U140: Z | V140: PODS | W140: 72 | X140: Active | Y140: Administration | Z140: Active Location | AH140: LG | AI140: ADMIN : Clearwater-Fl-Admin-1 : 13535 Feather Sound Dr | AJ140: Parent ADMIN : Clearwater-FL-ADMIN-1 | AK140: 0000 : General
A141: 0001 | B141: Clearwater-Fl-Admin-5 | C141: CSAT | D141: Clearwater-Fl-Admin-5 | E141: 13535 Feather Sound Drive | H141: 33762 | J141: USA | N141: CSAT | O141: Clearwater-FL-ADMIN-5 | P141: 0000 | Q141: General | R141: TBD | S141: Tom Martin | T141: 7 | U141: Z | V141: PODS | W141: 72 | X141: Active | Y141: Administration | Z141: Active Location | AH141: LG | AI141: CSAT : Clearwater-Fl-Admin-5 : 13535 Feather Sound Drive | AJ141: Parent CSAT : Clearwater-FL-ADMIN-5 | AK141: 0000 : General
A142: 1003 | B142: Round Rock-Tx-Str-1 | C142: AUS4 | D142: Round Rock-Tx-Str-1 | E142: 2251 Picadilly Dr. | F142: Round Rock | G142: TX | H142: 78664 | I142: Williamson | J142: USA | K142: 35 | L142: false | M142: true | N142: AUS6 | O142: San Marcos-TX-STR-1 | P142: ASTN | Q142: Austin, TX | R142: TBD | S142: Greg Payne | T142: 10 | U142: Central | V142: Southwest TX | W142: 53 | X142: Closing FPnA | Y142: Storage | Z142: Closing FPnA | AD142: TX | AE142: Texas | AF142: -1 | AG142: TRUE | AH142: LG | AI142: AUS4 : Round Rock-Tx-Str-1 : 2251 Picadilly Dr. | AJ142: Parent AUS6 : San Marcos-TX-STR-1 | AK142: ASTN : Austin, TX | AP142: Greater Texas | AQ142: 30.148928 | AR142: -97.651072
A143: 1004 | B143: Pewaukee-Wi-Stg-1 | C143: MKE13 | D143: Pewaukee-Wi-Stg-1 | E143: 227 Sussex Street | F143: Pewaukee | G143: WI | H143: 53072 | I143: Waukesha | J143: USA | K143: 58 | L143: true | M143: true | N143: MKE | O143: Milwaukee-WI-STR-1 | P143: MILW | Q143: Milwaukee, WI | R143: TBD | S143: Robert Carner | T143: 10 | U143: Central | V143: Upper Midwest | W143: 32 | X143: Active | Y143: Staging | Z143: Active Location | AA143: 13500.00 | AB143: 47026 | AD143: IL | AE143: Illinois | AF143: -1 | AG143: TRUE | AH143: MED | AI143: MKE13 : Pewaukee-Wi-Stg-1 : 227 Sussex Street | AJ143: Parent MKE : Milwaukee-WI-STR-1 | AK143: MILW : Milwaukee, WI | AP143: Midwest | AQ143: 42.986915 | AR143: -87.917642
A144: 1005 | B144: Long Beach-Ms-Str-1 | C144: GBM6 | D144: Long Beach-Ms-Str-1 | E144: 4493a A Ave. | F144: Long Beach | G144: MS | H144: 39560 | I144: Harrison | J144: USA | K144: 63 | L144: true | M144: true | N144: GBM6 | O144: Long Beach-MS-STR-1 | P144: GULF | Q144: Gulfport - Biloxi, MS | R144: TBD | S144: Timothy R Preston | T144: 10 | U144: Central | V144: TX Gulf Coast | W144: 54 | X144: Active | Y144: Storage | Z144: Active Location | AA144: 30000.00 | AB144: 47664 | AD144: MS | AE144: Mississippi | AF144: -1 | AG144: FALSE | AH144: XS | AI144: GBM6 : Long Beach-Ms-Str-1 : 4493a A Ave. | AJ144: Parent GBM6 : Long Beach-MS-STR-1 | AK144: GULF : Gulfport - Biloxi, MS | AP144: Southeast | AQ144: 30.352597 | AR144: -89.199019
A145: 1006 | B145: Hubert-Nc-Stg-1 | C145: MYB5 | D145: Hubert-Nc-Stg-1 | E145: 110 Old Highway 172 | F145: Hubert | G145: NC | H145: 28539 | I145: Onslow | J145: USA | K145: 68 | L145: true | M145: true | N145: MYB11 | O145: Rocky Point-NC-STR-1 | P145: MYRT | Q145: Myrtle Beach SC/Wilmington NC | R145: TBD | S145: John Schlueter | T145: 1 | U145: Southeast | V145: Coastal Carolina | W145: 10 | X145: Active | Y145: Staging | Z145: Active Location | AA145: 50000.00 | AD145: SE | AE145: South East | AF145: 0 | AG145: TRUE | AH145: MED | AI145: MYB5 : Hubert-Nc-Stg-1 : 110 Old Highway 172 | AJ145: Parent MYB11 : Rocky Point-NC-STR-1 | AK145: MYRT : Myrtle Beach SC/Wilmington NC | AP145: Southeast | AQ145: 33.79819 | AR145: -78.997985
A146: 1009 | B146: Carrum Downs Staging Yard | C146: MELA5 | D146: Carrum Downs Staging Yard | E146: 3/2 Access Way | F146: Carrum Downs | G146: VIC | H146: 3201 | J146: AUS | K146: 140 | L146: true | M146: false | N146: MELA4 | O146: Melbourne-Laverton Storage Center | P146: MLBO | Q146: Melbourne, VIC AUS | R146: TBD | S146: Joseph Carlo II | T146: 7 | U146: Z | V146: Franchise | W146: 71 | X146: Active | Y146: Staging | Z146: Active Location | AD146: NE | AE146: North East | AF146: 15 | AG146: FALSE | AH146: LG | AI146: MELA5 : Carrum Downs Staging Yard : 3/2 Access Way | AJ146: Parent MELA4 : Melbourne-Laverton Storage Center | AK146: MLBO : Melbourne, VIC AUS | AP146: Australia
A147: 1010 | B147: Hilo-Hi-Port-1 | C147: HILOPT | D147: Hilo-Hi-Port-1 | E147: 90 Kuhio St | F147: Hilo | G147: HI | H147: 96720 | I147: Hawaii | J147: USA | K147: 157 | L147: true | M147: true | N147: KAHELU | O147: Mililani-HI-STR-1 | P147: HONO | Q147: Honolulu, HI | R147: TBD | S147: Suzy Brazeau | T147: 4 | U147: West | V147: Pacific Southwest | W147: 44 | X147: Active | Y147: Port | Z147: Active Location | AD147: SW | AE147: South West | AF147: -6 | AG147: TRUE | AH147: SMALL | AI147: HILOPT : Hilo-Hi-Port-1 : 90 Kuhio St | AJ147: Parent KAHELU : Mililani-HI-STR-1 | AK147: HONO : Honolulu, HI | AP147: Hawaii | AQ147: 21.302757 | AR147: -158.08322
A148: 1011 | B148: Lihue-Hi-Port-1 | C148: KAUIPT | D148: Lihue-Hi-Port-1 | E148: 3020 Waapa Rd | F148: Lihue | G148: HI | H148: 96766 | I148: Kauai | J148: USA | K148: 157 | L148: true | M148: true | N148: KAHELU | O148: Mililani-HI-STR-1 | P148: HONO | Q148: Honolulu, HI | R148: TBD | S148: Suzy Brazeau | T148: 4 | U148: West | V148: Pacific Southwest | W148: 44 | X148: Active | Y148: Port | Z148: Active Location | AD148: SW | AE148: South West | AF148: -6 | AG148: TRUE | AH148: SMALL | AI148: KAUIPT : Lihue-Hi-Port-1 : 3020 Waapa Rd | AJ148: Parent KAHELU : Mililani-HI-STR-1 | AK148: HONO : Honolulu, HI | AP148: Hawaii | AQ148: 21.302757 | AR148: -158.08322
A149: 1012 | B149: Kamuela-Hi-Port-1 | C149: KAWAPT | D149: Kamuela-Hi-Port-1 | E149: Pier 2 | F149: Kamuela | G149: HI | H149: 96743 | I149: Hawaii | J149: USA | K149: 157 | L149: true | M149: true | N149: KAHELU | O149: Mililani-HI-STR-1 | P149: HONO | Q149: Honolulu, HI | R149: TBD | S149: Suzy Brazeau | T149: 4 | U149: West | V149: Pacific Southwest | W149: 44 | X149: Active | Y149: Port | Z149: Active Location | AD149: SW | AE149: South West | AF149: -6 | AG149: TRUE | AH149: SMALL | AI149: KAWAPT : Kamuela-Hi-Port-1 : Pier 2 | AJ149: Parent KAHELU : Mililani-HI-STR-1 | AK149: HONO : Honolulu, HI | AP149: Hawaii | AQ149: 21.302757 | AR149: -158.08322
A150: 1014 | B150: Lanai City-Hi-Port-1 | C150: LANAPT | D150: Lanai City-Hi-Port-1 | E150: Kaumalapau Pier | F150: Lanai City | G150: HI | H150: 96763 | I150: Maui | J150: USA | K150: 157 | L150: true | M150: true | N150: KAHELU | O150: Mililani-HI-STR-1 | P150: HONO | Q150: Honolulu, HI | R150: TBD | S150: Suzy Brazeau | T150: 4 | U150: West | V150: Pacific Southwest | W150: 44 | X150: Active | Y150: Port | Z150: Active Location | AD150: SW | AE150: South West | AF150: -6 | AG150: TRUE | AH150: SMALL | AI150: LANAPT : Lanai City-Hi-Port-1 : Kaumalapau Pier | AJ150: Parent KAHELU : Mililani-HI-STR-1 | AK150: HONO : Honolulu, HI | AP150: Hawaii | AQ150: 21.302757 | AR150: -158.08322
A151: 1015 | B151: Kaunakakai-Hi-Port-1 | C151: MOLOPT | D151: Kaunakakai-Hi-Port-1 | E151: Kaunakakai Wharf | F151: Kaunakakai | G151: HI | H151: 96748 | I151: Maui | J151: USA | K151: 157 | L151: true | M151: true | N151: KAHELU | O151: Mililani-HI-STR-1 | P151: HONO | Q151: Honolulu, HI | R151: TBD | S151: Suzy Brazeau | T151: 4 | U151: West | V151: Pacific Southwest | W151: 44 | X151: Active | Y151: Port | Z151: Active Location | AD151: SW | AE151: South West | AF151: -6 | AG151: TRUE | AH151: SMALL | AI151: MOLOPT : Kaunakakai-Hi-Port-1 : Kaunakakai Wharf | AJ151: Parent KAHELU : Mililani-HI-STR-1 | AK151: HONO : Honolulu, HI | AP151: Hawaii | AQ151: 21.302757 | AR151: -158.08322
A152: 1017 | B152: Ottawa-On-Bond-2 | C152: OTT6 | D152: Ottawa-On-Bond-2 | E152: 2750 Sheffield Rd | F152: Ottawa | G152: ON | H152: K1B 3V9 | J152: CAN | K152: 158 | L152: true | M152: true | N152: OTT1 | O152: Ottawa-ON-STR-1 | P152: OTTA | Q152: Ottawa, ON Canada | R152: TBD | S152: Unknown | T152: 10 | U152: Central | V152: Canada Central | W152: 62 | X152: Active | Y152: Bonded | Z152: Active Location | AD152: CA | AE152: Canada | AF152: 0 | AG152: FALSE | AH152: SMALL | AI152: OTT6 : Ottawa-On-Bond-2 : 2750 Sheffield Rd | AJ152: Parent OTT1 : Ottawa-ON-STR-1 | AK152: OTTA : Ottawa, ON Canada | AP152: Canada | AQ152: 45.396667 | AR152: -75.601111
A153: 1019 | B153: Dartmouth-Ns-Str-2 | C153: HAL2 | D153: Dartmouth-Ns-Str-2 | E153: 165 Burbridge Ave | F153: Dartmouth | G153: NS | H153: B3B | J153: CAN | K153: 177 | L153: false | M153: true | N153: HAL4 | O153: Dartmouth-NS-STR-3 | P153: HALI | Q153: Halifax, NS Canada | R153: TBD | S153: Unknown | T153: 10 | U153: Central | V153: Canada Central | W153: 62 | X153: Closing FPnA | Y153: Storage | Z153: Closing FPnA | AD153: CA | AE153: Canada | AF153: 1 | AG153: FALSE | AH153: XS | AI153: HAL2 : Dartmouth-Ns-Str-2 : 165 Burbridge Ave | AJ153: Parent HAL4 : Dartmouth-NS-STR-3 | AK153: HALI : Halifax, NS Canada | AP153: Canada | AQ153: 44.708855 | AR153: -63.590326
A154: AD01 | B154: Adelaide, Aus Storage Center | C154: ADEL2 | D154: Adelaide, Aus Storage Center | E154: 7 Greenfields Dr | F154: Green Fields | G154: SA | H154: 5107 | J154: AUS | K154: 141 | L154: true | M154: false | N154: ADEL2 | O154: Adelaide, AUS Storage Center | P154: ADEL | Q154: Adelaide, SA AUS | R154: TBD | S154: Joseph Carlo II | T154: 7 | U154: Z | V154: Franchise | W154: 71 | X154: Active | Y154: Storage | Z154: Active Location | AD154: NE | AE154: North East | AF154: 13.5 | AG154: FALSE | AH154: LG | AI154: ADEL2 : Adelaide, Aus Storage Center : 7 Greenfields Dr | AJ154: Parent ADEL2 : Adelaide, AUS Storage Center | AK154: ADEL : Adelaide, SA AUS | AP154: Australia
A155: AG01 | B155: Augusta-Ga-Str-1 | C155: AUG | D155: Augusta-Ga-Str-1 | E155: 3444 Milledgeville Rd | F155: Augusta | G155: GA | H155: 30909 | I155: Richmond | J155: USA | K155: 125 | L155: true | M155: true | N155: AUG | O155: Augusta-GA-STR-1 | P155: AUGU | Q155: Augusta, GA | R155: TBD | S155: John Schlueter | T155: 1 | U155: Southeast | V155: Coastal Carolina | W155: 10 | X155: Active | Y155: Storage | Z155: Active Location | AA155: 44938.00 | AB155: 47269 | AD155: SE | AE155: South East | AF155: 0 | AG155: FALSE | AH155: SMALL | AI155: AUG : Augusta-Ga-Str-1 : 3444 Milledgeville Rd | AJ155: Parent AUG : Augusta-GA-STR-1 | AK155: AUGU : Augusta, GA | AP155: Southeast | AQ155: 33.444229 | AR155: -82.068839
A156: AG02 | B156: Aiken-Sc-Stg-1 | C156: AUG1 | D156: Aiken-Sc-Stg-1 | E156: 395 Woodward Dr | F156: Aiken | G156: SC | H156: 29803-8213 | I156: Aiken | J156: USA | K156: 125 | L156: true | M156: true | N156: AUG | O156: Augusta-GA-STR-1 | P156: AUGU | Q156: Augusta, GA | R156: TBD | S156: John Schlueter | T156: 1 | U156: Southeast | V156: Coastal Carolina | W156: 10 | X156: Active | Y156: Staging | Z156: Active Location | AA156: 43197.00 | AB156: 46418 | AD156: SE | AE156: South East | AF156: 0 | AG156: FALSE | AH156: SMALL | AI156: AUG1 : Aiken-Sc-Stg-1 : 395 Woodward Dr | AJ156: Parent AUG : Augusta-GA-STR-1 | AK156: AUGU : Augusta, GA | AP156: Southeast | AQ156: 33.444229 | AR156: -82.068839
A157: AL04 | B157: Guilderland Ctr-Ny-Str-1 | C157: ALB6 | D157: Guilderland Ctr-Ny-Str-1 | E157: 2 Van Buren Blvd | F157: Guilderland Center | G157: NY | H157: 12085-7703 | I157: Albany | J157: USA | K157: 89 | L157: true | M157: true | N157: ALB6 | O157: Guilderland Ctr-NY-STR-1 | P157: ALBA | Q157: Albany, NY | R157: TBD | S157: Chad Goodness | T157: 2 | U157: Northeast | V157: NY Upstate | W157: 22 | X157: Active | Y157: Storage | Z157: Active Location | AA157: 28000.00 | AB157: 46965 | AD157: NE | AE157: North East | AF157: 0 | AG157: FALSE | AH157: SMALL | AI157: ALB6 : Guilderland Ctr-Ny-Str-1 : 2 Van Buren Blvd | AJ157: Parent ALB6 : Guilderland Ctr-NY-STR-1 | AK157: ALBA : Albany, NY | AL157: HF07 | AM157: HART14 | AN157: Bristol | AP157: Northeast | AQ157: 42.690056 | AR157: -73.957626
A158: AL05 | B158: Saratoga Springs-Ny-Stg-1 | C158: ALB7 | D158: Saratoga Springs-Ny-Stg-1 | E158: 2254 Route 50 S | F158: Saratoga Springs | G158: NY | H158: 12866 | I158: Saratoga | J158: USA | K158: 89 | L158: false | M158: true | N158: ALB8 | O158: Saratoga Springs-NY-STR-1 | P158: ALBA | Q158: Albany, NY | R158: TBD | S158: Chad Goodness | T158: 2 | U158: Northeast | V158: NY Upstate | W158: 22 | X158: Closing FPnA | Y158: Staging | Z158: Closing FPnA | AD158: NE | AE158: North East | AF158: 0 | AG158: FALSE | AH158: SMALL | AI158: ALB7 : Saratoga Springs-Ny-Stg-1 : 2254 Route 50 S | AJ158: Parent ALB8 : Saratoga Springs-NY-STR-1 | AK158: ALBA : Albany, NY | AP158: Northeast | AQ158: 42.690056 | AR158: -73.957626
A159: AL06 | B159: Saratoga Springs-Ny-Str-1 | C159: ALB8 | D159: Saratoga Springs-Ny-Str-1 | E159: 3 Grande Blvd | F159: Saratoga Springs | G159: NY | H159: 12866 | I159: Saratoga | J159: USA | K159: 89 | L159: false | M159: true | N159: ALB8 | O159: Saratoga Springs-NY-STR-1 | P159: ALBA | Q159: Albany, NY | R159: TBD | S159: Chad Goodness | T159: 2 | U159: Northeast | V159: NY Upstate | W159: 22 | X159: Inactive | Y159: Storage | Z159: DO NOT USE - Inactive | AD159: NE | AE159: North East | AF159: 0 | AG159: FALSE | AH159: SMALL | AI159: ALB8 : Saratoga Springs-Ny-Str-1 : 3 Grande Blvd | AJ159: Parent ALB8 : Saratoga Springs-NY-STR-1 | AK159: ALBA : Albany, NY | AL159: HF07 | AM159: HART14 | AN159: Bristol | AP159: Northeast | AQ159: 42.690056 | AR159: -73.957626
A160: AL07 | B160: Queensbury-Ny-Stg-1 | C160: ALB9 | D160: Queensbury-Ny-Stg-1 | E160: 22 Park Rd | F160: Queensbury | G160: NY | H160: 12804-7637 | I160: Warren | J160: USA | K160: 89 | L160: true | M160: true | N160: ALB8 | O160: Saratoga Springs-NY-STR-1 | P160: ALBA | Q160: Albany, NY | R160: TBD | S160: Chad Goodness | T160: 2 | U160: Northeast | V160: NY Upstate | W160: 22 | X160: Active | Y160: Staging | Z160: Active Location | AA160: 22080.00 | AD160: NE | AE160: North East | AF160: 0 | AG160: FALSE | AH160: SMALL | AI160: ALB9 : Queensbury-Ny-Stg-1 : 22 Park Rd | AJ160: Parent ALB8 : Saratoga Springs-NY-STR-1 | AK160: ALBA : Albany, NY | AP160: Northeast | AQ160: 42.690056 | AR160: -73.957626
A161: AQ03 | B161: Albuquerque-Nm-Str-1 | C161: ABQ | D161: Albuquerque-Nm-Str-1 | E161: 2501 Karsten Court Se | F161: Albuquerque | G161: NM | H161: 87102 | I161: Bernalillo | J161: USA | K161: 79 | L161: true | M161: true | N161: ABQ | O161: Albuquerque-NM-STR-1 | P161: ALBQ | Q161: Albuquerque - Santa Fe, NM | R161: TBD | S161: Anthony Virtue | T161: 10 | U161: Central | V161: Mountain | W161: 51 | X161: Active | Y161: Storage | Z161: Active Location | AA161: 48777.00 | AB161: 46904 | AD161: TX | AE161: Texas | AF161: -2 | AG161: TRUE | AH161: MED | AI161: ABQ : Albuquerque-Nm-Str-1 : 2501 Karsten Court Se | AJ161: Parent ABQ : Albuquerque-NM-STR-1 | AK161: ALBQ : Albuquerque - Santa Fe, NM | AP161: Mountain | AQ161: 35.057713 | AR161: -106.63887
A162: AQ04 | B162: Santa Fe-Nm-Stg-1 | C162: ABQ2 | D162: Santa Fe-Nm-Stg-1 | E162: 97 Metro Blvd. | F162: Santa Fe | G162: NM | H162: 87508 | I162: Santa Fe | J162: USA | K162: 79 | L162: false | M162: true | N162: ABQ | O162: Albuquerque-NM-STR-1 | P162: ALBQ | Q162: Albuquerque - Santa Fe, NM | R162: TBD | S162: Anthony Virtue | T162: 10 | U162: Central | V162: Mountain | W162: 51 | X162: Active | Y162: Staging | Z162: Active Location | AD162: TX | AE162: Texas | AF162: -2 | AG162: TRUE | AH162: MED | AI162: ABQ2 : Santa Fe-Nm-Stg-1 : 97 Metro Blvd. | AJ162: Parent ABQ : Albuquerque-NM-STR-1 | AK162: ALBQ : Albuquerque - Santa Fe, NM | AP162: Mountain | AQ162: 35.057713 | AR162: -106.63887
A163: AQ05 | B163: Santa Fe-Nm-Str-1 | C163: ABQ3 | D163: Santa Fe-Nm-Str-1 | E163: 4900 Hart Road | F163: Santa Fe | G163: NM | H163: 87501 | I163: Santa Fe | J163: USA | K163: 79 | L163: true | M163: true | N163: ABQ | O163: Albuquerque-NM-STR-1 | P163: ALBQ | Q163: Albuquerque - Santa Fe, NM | R163: TBD | S163: Anthony Virtue | T163: 10 | U163: Central | V163: Mountain | W163: 51 | X163: Active | Y163: Storage | Z163: Active Location | AA163: 54977.00 | AB163: 49401 | AD163: TX | AE163: Texas | AF163: -2 | AG163: TRUE | AH163: MED | AI163: ABQ3 : Santa Fe-Nm-Str-1 : 4900 Hart Road | AJ163: Parent ABQ : Albuquerque-NM-STR-1 | AK163: ALBQ : Albuquerque - Santa Fe, NM | AP163: Mountain | AQ163: 35.057713 | AR163: -106.63887
A164: AS02 | B164: Asheville-Nc-Str-1 | C164: ASH1 | D164: Asheville-Nc-Str-1 | E164: 144 Caribou Road | F164: Asheville | G164: NC | H164: 28803 | I164: Buncombe | J164: USA | K164: 176 | L164: false | M164: true | N164: ASH5 | O164: Mills River-NC-STR-1 | P164: ASHE | Q164: Asheville, NC | R164: TBD | S164: Jerome Preston | T164: 1 | U164: Southeast | V164: Inland Carolinas | W164: 12 | X164: Closing FPnA | Y164: Storage | Z164: Closing FPnA | AD164: SE | AE164: South East | AF164: 0 | AG164: FALSE | AH164: SMALL | AI164: ASH1 : Asheville-Nc-Str-1 : 144 Caribou Road | AJ164: Parent ASH5 : Mills River-NC-STR-1 | AK164: ASHE : Asheville, NC | AP164: Southeast | AQ164: 35.425924 | AR164: -82.554208
A165: AS04 | B165: Hendersonville-Nc-Str-1 | C165: ASH4 | D165: Hendersonville-Nc-Str-1 | E165: 89 Brown Farm Rd | F165: Hendersonville | G165: NC | H165: 28792 | I165: Henderson | J165: USA | K165: 176 | L165: false | M165: true | N165: ASH5 | O165: Mills River-NC-STR-1 | P165: ASHE | Q165: Asheville, NC | R165: TBD | S165: Jerome Preston | T165: 1 | U165: Southeast | V165: Inland Carolinas | W165: 12 | X165: Closing FPnA | Y165: Storage | Z165: Closing FPnA | AD165: SE | AE165: South East | AF165: 0 | AG165: FALSE | AH165: SMALL | AI165: ASH4 : Hendersonville-Nc-Str-1 : 89 Brown Farm Rd | AJ165: Parent ASH5 : Mills River-NC-STR-1 | AK165: ASHE : Asheville, NC | AP165: Southeast | AQ165: 35.425924 | AR165: -82.554208
A166: AS05 | B166: Mills River-Nc-Str-1 | C166: ASH5 | D166: Mills River-Nc-Str-1 | E166: 724 Broadpointe Drive | F166: Mills River | G166: NC | H166: 28759 | J166: USA | K166: 176 | L166: true | M166: true | N166: ASH5 | O166: Mills River-NC-STR-1 | P166: ASHE | Q166: Asheville, NC | R166: TBD | S166: Jerome Preston | T166: 1 | U166: Southeast | V166: Inland Carolinas | W166: 12 | X166: Active | Y166: Storage | Z166: Active Location | AA166: 67600.00 | AB166: 47514 | AD166: SE | AE166: South East | AF166: 0 | AG166: FALSE | AH166: SMALL | AI166: ASH5 : Mills River-Nc-Str-1 : 724 Broadpointe Drive | AJ166: Parent ASH5 : Mills River-NC-STR-1 | AK166: ASHE : Asheville, NC | AP166: Southeast | AQ166: 35.425924 | AR166: -82.554208
A167: AS06 | B167: Asheville-Nc-Stg-1 | C167: ASH01 | D167: Asheville-Nc-Stg-1 | E167: 144 Caribou Rd Asheville | F167: Asheville | G167: NC | H167: 28803 | I167: Buncombe | J167: USA | K167: 176 | L167: true | M167: true | N167: ASH5 | O167: Mills River-NC-STR-1 | P167: ASHE | Q167: Asheville, NC | R167: TBD | S167: Jerome Preston | T167: 1 | U167: Southeast | V167: Inland Carolinas | W167: 12 | X167: Active | Y167: Staging | Z167: Active Location | AA167: 12000.00 | AB167: 46387 | AD167: SE | AE167: South East | AF167: 0 | AG167: FALSE | AH167: SMALL | AI167: ASH01 : Asheville-Nc-Stg-1 : 144 Caribou Rd Asheville | AJ167: Parent ASH5 : Mills River-NC-STR-1 | AK167: ASHE : Asheville, NC | AP167: Southeast | AQ167: 35.425924 | AR167: -82.554208
A168: AS07 | B168: Waynesville-Nc-Stg-1 | C168: ASH6 | D168: Waynesville-Nc-Stg-1 | E168: 2102 Jonathan Creek Rd | F168: Waynesville | G168: NC | H168: 28785 | J168: USA | K168: 176 | L168: true | M168: true | N168: ASH5 | O168: Mills River-NC-STR-1 | P168: ASHE | Q168: Asheville, NC | R168: TBD | S168: Jerome Preston | T168: 1 | U168: Southeast | V168: Inland Carolinas | W168: 12 | X168: Active | Y168: Staging | Z168: Active Location | AA168: 20000.00 | AD168: SE | AE168: South East | AF168: 0 | AG168: FALSE | AH168: SMALL | AI168: ASH6 : Waynesville-Nc-Stg-1 : 2102 Jonathan Creek Rd | AJ168: Parent ASH5 : Mills River-NC-STR-1 | AK168: ASHE : Asheville, NC | AP168: Southeast | AQ168: 35.425924 | AR168: -82.554208
A169: AT01 | B169: Powder Springs-Ga-Str-1 | C169: ATLNW3 | D169: Powder Springs-Ga-Str-1 | E169: 3407 Florence Circle | F169: Powder Springs | G169: GA | H169: 30127 | I169: Cobb | J169: USA | K169: 21 | L169: true | M169: true | N169: ATLNW3 | O169: Powder Springs-GA-STR-1 | P169: ATLW | Q169: Atlanta NW, GA | R169: TBD | S169: Ricky Pettigrew | T169: 1 | U169: Southeast | V169: Georgia | W169: 11 | X169: Active | Y169: Storage | Z169: Active Location | AA169: 71400.00 | AB169: 48029 | AD169: SE | AE169: South East | AF169: 0 | AG169: FALSE | AH169: MED | AI169: ATLNW3 : Powder Springs-Ga-Str-1 : 3407 Florence Circle | AJ169: Parent ATLNW3 : Powder Springs-GA-STR-1 | AK169: ATLW : Atlanta NW, GA | AP169: Southeast | AQ169: 34.045555 | AR169: -84.61081
A170: AT02 | B170: Marietta-Ga-Stg-1 | C170: ATLNW4 | D170: Marietta-Ga-Stg-1 | E170: 4986 Canton Rd | F170: Marietta | G170: GA | H170: 30066 | I170: Cobb | J170: USA | K170: 21 | L170: false | M170: true | N170: ATLNW3 | O170: Powder Springs-GA-STR-1 | P170: ATLW | Q170: Atlanta NW, GA | R170: TBD | S170: Ricky Pettigrew | T170: 1 | U170: Southeast | V170: Georgia | W170: 11 | X170: Inactive | Y170: Staging | Z170: DO NOT USE - Inactive | AD170: SE | AE170: South East | AF170: 0 | AG170: FALSE | AH170: MED | AI170: ATLNW4 : Marietta-Ga-Stg-1 : 4986 Canton Rd | AJ170: Parent ATLNW3 : Powder Springs-GA-STR-1 | AK170: ATLW : Atlanta NW, GA | AP170: Southeast | AQ170: 34.045555 | AR170: -84.61081
A171: AT16 | B171: Suwanee-Ga-Stg-1 | C171: ATLNW5 | D171: Suwanee-Ga-Stg-1 | E171: 485 Horizon Dr. | F171: Suwanee | G171: GA | H171: 30024 | I171: Gwinnett | J171: USA | K171: 21 | L171: false | M171: true | N171: ATLNW3 | O171: Powder Springs-GA-STR-1 | P171: ATLW | Q171: Atlanta NW, GA | R171: TBD | S171: Ricky Pettigrew | T171: 1 | U171: Southeast | V171: Georgia | W171: 11 | X171: Closing FPnA | Y171: Staging | Z171: Closing FPnA | AD171: SE | AE171: South East | AF171: 0 | AG171: FALSE | AH171: MED | AI171: ATLNW5 : Suwanee-Ga-Stg-1 : 485 Horizon Dr. | AJ171: Parent ATLNW3 : Powder Springs-GA-STR-1 | AK171: ATLW : Atlanta NW, GA | AP171: Southeast | AQ171: 34.045555 | AR171: -84.61081
A172: AT18 | B172: Forest Park-Ga-Stg-1 | C172: ATLNW6 | D172: Forest Park-Ga-Stg-1 | E172: 16 Overmyer Way | F172: Forest Park | G172: GA | H172: 30297 | I172: Clayton | J172: USA | K172: 21 | L172: false | M172: true | N172: ATLNW3 | O172: Powder Springs-GA-STR-1 | P172: ATLW | Q172: Atlanta NW, GA | R172: TBD | S172: Ricky Pettigrew | T172: 1 | U172: Southeast | V172: Georgia | W172: 11 | X172: Inactive | Y172: Staging | Z172: DO NOT USE - Inactive | AD172: SE | AE172: South East | AF172: 0 | AG172: FALSE | AH172: MED | AI172: ATLNW6 : Forest Park-Ga-Stg-1 : 16 Overmyer Way | AJ172: Parent ATLNW3 : Powder Springs-GA-STR-1 | AK172: ATLW : Atlanta NW, GA | AP172: Southeast | AQ172: 34.045555 | AR172: -84.61081
A173: AT27 | B173: Forest Park-Ga-Str-1 | C173: AAG2 | D173: Forest Park-Ga-Str-1 | E173: 16 Overmeyer Way | F173: Forest Park | G173: GA | H173: 30297 | J173: USA | K173: 29 | L173: false | M173: true | N173: AAG2 | O173: Forest Park-GA-STR-1 | P173: ATLN | Q173: Atlanta NE, GA | R173: TBD | S173: Ricky Pettigrew | T173: 1 | U173: Southeast | V173: Georgia | W173: 11 | X173: Closing FPnA | Y173: Storage | Z173: Closing FPnA | AD173: SE | AE173: South East | AF173: 0 | AG173: TRUE | AH173: XL | AI173: AAG2 : Forest Park-Ga-Str-1 : 16 Overmeyer Way | AJ173: Parent AAG2 : Forest Park-GA-STR-1 | AK173: ATLN : Atlanta NE, GA | AP173: Southeast | AQ173: 33.697028 | AR173: -84.440175
A174: AT29 | B174: Suwanee-Ga-Str-1 | C174: AAG5 | D174: Suwanee-Ga-Str-1 | E174: 485 Horizon Drive | F174: Suwanee | G174: GA | H174: 30024 | I174: Gwinnett | J174: USA | K174: 29 | L174: true | M174: true | N174: AAG5 | O174: Suwanee-GA-STR-1 | P174: ATLN | Q174: Atlanta NE, GA | R174: TBD | S174: Ricky Pettigrew | T174: 1 | U174: Southeast | V174: Georgia | W174: 11 | X174: Active | Y174: Storage | Z174: Active Location | AA174: 94141.00 | AB174: 48213 | AD174: SE | AE174: South East | AF174: 0 | AG174: TRUE | AH174: XL | AI174: AAG5 : Suwanee-Ga-Str-1 : 485 Horizon Drive | AJ174: Parent AAG5 : Suwanee-GA-STR-1 | AK174: ATLN : Atlanta NE, GA | AP174: Southeast | AQ174: 33.697028 | AR174: -84.440175
A175: AT30 | B175: Newnan-Ga-Stg-1 | C175: AAG8 | D175: Newnan-Ga-Stg-1 | E175: 584 Hwy 29 South Forest Park | F175: Newnan | G175: GA | H175: 30263 | I175: Coweta | J175: USA | K175: 29 | L175: true | M175: true | N175: AAG27 | O175: Atlanta-GA-STR-1 | P175: ATLN | Q175: Atlanta NE, GA | R175: TBD | S175: Ricky Pettigrew | T175: 1 | U175: Southeast | V175: Georgia | W175: 11 | X175: Closing FPnA | Y175: Staging | Z175: Closing FPnA | AD175: SE | AE175: South East | AF175: 0 | AG175: TRUE | AH175: XL | AI175: AAG8 : Newnan-Ga-Stg-1 : 584 Hwy 29 South Forest Park | AJ175: Parent AAG27 : Atlanta-GA-STR-1 | AK175: ATLN : Atlanta NE, GA | AP175: Southeast | AQ175: 33.697028 | AR175: -84.440175
A176: AT34 | B176: Cumming-Ga-Stg-1 | C176: AAG21 | D176: Cumming-Ga-Stg-1 | E176: 5120 Bottoms Rd | F176: Cumming | G176: GA | H176: 30040 | I176: Forsyth | J176: USA | K176: 29 | L176: true | M176: true | N176: AAG5 | O176: Suwanee-GA-STR-1 | P176: ATLN | Q176: Atlanta NE, GA | R176: TBD | S176: Ricky Pettigrew | T176: 1 | U176: Southeast | V176: Georgia | W176: 11 | X176: Active | Y176: Staging | Z176: Active Location | AD176: SE | AE176: South East | AF176: 0 | AG176: TRUE | AH176: XL | AI176: AAG21 : Cumming-Ga-Stg-1 : 5120 Bottoms Rd | AJ176: Parent AAG5 : Suwanee-GA-STR-1 | AK176: ATLN : Atlanta NE, GA | AP176: Southeast | AQ176: 33.697028 | AR176: -84.440175
A177: AT36 | B177: Athens-Ga-Stg-1 | C177: AAG23 | D177: Athens-Ga-Stg-1 | E177: Jefferson Road | F177: Athens | G177: GA | H177: 30607 | I177: Clarke | J177: USA | K177: 29 | L177: true | M177: true | N177: AAG5 | O177: Suwanee-GA-STR-1 | P177: ATLN | Q177: Atlanta NE, GA | R177: TBD | S177: Ricky Pettigrew | T177: 1 | U177: Southeast | V177: Georgia | W177: 11 | X177: Active | Y177: Staging | Z177: Active Location | AD177: SE | AE177: South East | AF177: 0 | AG177: TRUE | AH177: XL | AI177: AAG23 : Athens-Ga-Stg-1 : Jefferson Road | AJ177: Parent AAG5 : Suwanee-GA-STR-1 | AK177: ATLN : Atlanta NE, GA | AP177: Southeast | AQ177: 33.697028 | AR177: -84.440175
A178: AT37 | B178: Mcdonough-Ga-Stg-1 | C178: AAG24 | D178: Mcdonough-Ga-Stg-1 | E178: 457 Old Griffin Rd | F178: Mcdonough | G178: GA | H178: 30253 | I178: Henry | J178: USA | K178: 29 | L178: true | M178: true | N178: AAG27 | O178: Atlanta-GA-STR-1 | P178: ATLN | Q178: Atlanta NE, GA | R178: TBD | S178: Ricky Pettigrew | T178: 1 | U178: Southeast | V178: Georgia | W178: 11 | X178: Active | Y178: Staging | Z178: Active Location | AD178: SE | AE178: South East | AF178: 0 | AG178: TRUE | AH178: XL | AI178: AAG24 : Mcdonough-Ga-Stg-1 : 457 Old Griffin Rd | AJ178: Parent AAG27 : Atlanta-GA-STR-1 | AK178: ATLN : Atlanta NE, GA | AP178: Southeast | AQ178: 33.697028 | AR178: -84.440175
A179: AT40 | B179: Atlanta-Ga-Str-1 | C179: AAG27 | D179: Atlanta-Ga-Str-1 | E179: 2110 Lawrence Ave, Suite 100 | F179: Atlanta | G179: GA | H179: 30344 | I179: Fulton | J179: USA | K179: 29 | L179: true | M179: true | N179: AAG27 | O179: Atlanta-GA-STR-1 | P179: ATLN | Q179: Atlanta NE, GA | R179: TBD | S179: Ricky Pettigrew | T179: 1 | U179: Southeast | V179: Georgia | W179: 11 | X179: Active | Y179: Storage | Z179: Active Location | AA179: 109964.00 | AB179: 46392 | AD179: SE | AE179: South East | AF179: 0 | AG179: TRUE | AH179: XL | AI179: AAG27 : Atlanta-Ga-Str-1 : 2110 Lawrence Ave, Suite 100 | AJ179: Parent AAG27 : Atlanta-GA-STR-1 | AK179: ATLN : Atlanta NE, GA | AP179: Southeast | AQ179: 33.697028 | AR179: -84.440175
A180: AT41 | B180: Kennesaw-Ga-Str-1 | C180: ATLNW7 | D180: Kennesaw-Ga-Str-1 | E180: 3825 Kennesaw 75 Pkwy Nw Ste 200 | F180: Kennesaw | G180: GA | H180: 30144 | I180: Cobb | J180: USA | K180: 21 | L180: true | M180: true | N180: ATLNW7 | O180: Kennesaw-GA-STR-1 | P180: ATLW | Q180: Atlanta NW, GA | R180: TBD | S180: Ricky Pettigrew | T180: 1 | U180: Southeast | V180: Georgia | W180: 11 | X180: Active | Y180: Storage | Z180: Active Location | AA180: 71542.00 | AB180: 47603 | AD180: SE | AE180: South East | AF180: 0 | AG180: FALSE | AH180: MED | AI180: ATLNW7 : Kennesaw-Ga-Str-1 : 3825 Kennesaw 75 Pkwy Nw Ste 200 | AJ180: Parent ATLNW7 : Kennesaw-GA-STR-1 | AK180: ATLW : Atlanta NW, GA | AP180: Southeast | AQ180: 34.045555 | AR180: -84.61081
A181: AT42 | B181: Alpharetta-Ga-Ovrfl-2 | C181: ATLNW8 | D181: Alpharetta-Ga-Ovrfl-2 | E181: 6190 Shiloh Crossing | F181: Alpharetta | G181: GA | H181: 30005 | I181: Fulton | J181: USA | K181: 21 | L181: false | M181: true | N181: ATLNW3 | O181: Powder Springs-GA-STR-1 | P181: ATLW | Q181: Atlanta NW, GA | R181: TBD | S181: Ricky Pettigrew | T181: 1 | U181: Southeast | V181: Georgia | W181: 11 | X181: Closing Ops | Y181: Overflow | Z181: Process of Moving | AD181: SE | AE181: South East | AF181: 0 | AG181: FALSE | AH181: MED | AI181: ATLNW8 : Alpharetta-Ga-Ovrfl-2 : 6190 Shiloh Crossing | AJ181: Parent ATLNW3 : Powder Springs-GA-STR-1 | AK181: ATLW : Atlanta NW, GA | AP181: Southeast | AQ181: 34.045555 | AR181: -84.61081
A182: AT43 | B182: Marietta-Ga-Ovrfl-2 | C182: ATLNW9 | D182: Marietta-Ga-Ovrfl-2 | E182: 3045 Chastain Meadows Pkwy | F182: Marietta | G182: GA | H182: 30066 | I182: Cobb | J182: USA | K182: 21 | L182: false | M182: true | N182: ATLNW3 | O182: Powder Springs-GA-STR-1 | P182: ATLW | Q182: Atlanta NW, GA | R182: TBD | S182: Ricky Pettigrew | T182: 1 | U182: Southeast | V182: Georgia | W182: 11 | X182: Inactive | Y182: Overflow | Z182: DO NOT USE - Inactive | AD182: SE | AE182: South East | AF182: 0 | AG182: FALSE | AH182: MED | AI182: ATLNW9 : Marietta-Ga-Ovrfl-2 : 3045 Chastain Meadows Pkwy | AJ182: Parent ATLNW3 : Powder Springs-GA-STR-1 | AK182: ATLW : Atlanta NW, GA | AP182: Southeast | AQ182: 34.045555 | AR182: -84.61081
A183: AT44 | B183: Stone Mountain-Ga-Ovrfl-2 | C183: ATNW10 | D183: Stone Mountain-Ga-Ovrfl-2 | E183: 1746 Litton Dr | F183: Stone Mountain | G183: GA | H183: 30083 | I183: Dekalb | J183: USA | K183: 21 | L183: false | M183: true | N183: ATLNW3 | O183: Powder Springs-GA-STR-1 | P183: ATLW | Q183: Atlanta NW, GA | R183: TBD | S183: Ricky Pettigrew | T183: 1 | U183: Southeast | V183: Georgia | W183: 11 | X183: Inactive | Y183: Overflow | Z183: DO NOT USE - Inactive | AD183: SE | AE183: South East | AF183: 0 | AG183: FALSE | AH183: MED | AI183: ATNW10 : Stone Mountain-Ga-Ovrfl-2 : 1746 Litton Dr | AJ183: Parent ATLNW3 : Powder Springs-GA-STR-1 | AK183: ATLW : Atlanta NW, GA | AP183: Southeast | AQ183: 34.045555 | AR183: -84.61081
A184: AT45 | B184: Alpharetta-Ga-Ovrfl-1 | C184: AAG31 | D184: Alpharetta-Ga-Ovrfl-1 | E184: 6190 Shiloh Rd | F184: Alpharetta | G184: GA | H184: 30005 | I184: Fulton | J184: USA | K184: 29 | L184: false | M184: true | N184: AAG27 | O184: Atlanta-GA-STR-1 | P184: ATLN | Q184: Atlanta NE, GA | R184: TBD | S184: Ricky Pettigrew | T184: 1 | U184: Southeast | V184: Georgia | W184: 11 | X184: Inactive | Y184: Overflow | Z184: DO NOT USE - Inactive | AD184: SE | AE184: South East | AF184: 0 | AG184: TRUE | AH184: XL | AI184: AAG31 : Alpharetta-Ga-Ovrfl-1 : 6190 Shiloh Rd | AJ184: Parent AAG27 : Atlanta-GA-STR-1 | AK184: ATLN : Atlanta NE, GA | AP184: Southeast | AQ184: 33.697028 | AR184: -84.440175
A185: AT46 | B185: Marietta-Ga-Ovrfl-1 | C185: AAG32 | D185: Marietta-Ga-Ovrfl-1 | E185: 3045 Chastain Meadows Parkway | F185: Marietta | G185: GA | H185: 30066 | I185: Cobb | J185: USA | K185: 29 | L185: false | M185: true | N185: AAG27 | O185: Atlanta-GA-STR-1 | P185: ATLN | Q185: Atlanta NE, GA | R185: TBD | S185: Ricky Pettigrew | T185: 1 | U185: Southeast | V185: Georgia | W185: 11 | X185: Inactive | Y185: Overflow | Z185: DO NOT USE - Inactive | AD185: SE | AE185: South East | AF185: 0 | AG185: TRUE | AH185: XL | AI185: AAG32 : Marietta-Ga-Ovrfl-1 : 3045 Chastain Meadows Parkway | AJ185: Parent AAG27 : Atlanta-GA-STR-1 | AK185: ATLN : Atlanta NE, GA | AP185: Southeast | AQ185: 33.697028 | AR185: -84.440175
A186: AT47 | B186: Stone Mountain-Ga-Ovrfl-1 | C186: AAG33 | D186: Stone Mountain-Ga-Ovrfl-1 | E186: 1746 Litton Drive | F186: Stone Mountain | G186: GA | H186: 30083 | I186: Dekalb | J186: USA | K186: 29 | L186: false | M186: true | N186: AAG27 | O186: Atlanta-GA-STR-1 | P186: ATLN | Q186: Atlanta NE, GA | R186: TBD | S186: Ricky Pettigrew | T186: 1 | U186: Southeast | V186: Georgia | W186: 11 | X186: Inactive | Y186: Overflow | Z186: DO NOT USE - Inactive | AD186: SE | AE186: South East | AF186: 0 | AG186: TRUE | AH186: XL | AI186: AAG33 : Stone Mountain-Ga-Ovrfl-1 : 1746 Litton Drive | AJ186: Parent AAG27 : Atlanta-GA-STR-1 | AK186: ATLN : Atlanta NE, GA | AP186: Southeast | AQ186: 33.697028 | AR186: -84.440175
A187: AT48 | B187: Marietta-Ga-Stg-2 | C187: ATLNW1 | D187: Marietta-Ga-Stg-2 | E187: 4450 Winfred Dr | F187: Marietta | G187: GA | H187: 30066 | I187: Cobb | J187: USA | K187: 21 | L187: false | M187: true | N187: ATLNW3 | O187: Powder Springs-GA-STR-1 | P187: ATLW | Q187: Atlanta NW, GA | R187: TBD | S187: Ricky Pettigrew | T187: 1 | U187: Southeast | V187: Georgia | W187: 11 | X187: Inactive | Y187: Staging | Z187: DO NOT USE - Inactive | AD187: SE | AE187: South East | AF187: 0 | AG187: FALSE | AH187: MED | AI187: ATLNW1 : Marietta-Ga-Stg-2 : 4450 Winfred Dr | AJ187: Parent ATLNW3 : Powder Springs-GA-STR-1 | AK187: ATLW : Atlanta NW, GA | AP187: Southeast | AQ187: 34.045555 | AR187: -84.61081
A188: AT49 | B188: Newman-Ga-Stg-2 | C188: AAG9 | D188: Newman-Ga-Stg-2 | E188: 553 East Newman Rd | F188: Newnan | G188: GA | H188: 30263 | I188: Coweta | J188: USA | K188: 29 | L188: true | M188: true | N188: AAG27 | O188: Atlanta-GA-STR-1 | P188: ATLN | Q188: Atlanta NE, GA | R188: TBD | S188: Ricky Pettigrew | T188: 1 | U188: Southeast | V188: Georgia | W188: 11 | X188: Active | Y188: Staging | Z188: Active Location | AA188: 28575.36 | AD188: SE | AE188: South East | AF188: 0 | AG188: TRUE | AH188: XL | AI188: AAG9 : Newman-Ga-Stg-2 : 553 East Newman Rd | AJ188: Parent AAG27 : Atlanta-GA-STR-1 | AK188: ATLN : Atlanta NE, GA | AP188: Southeast | AQ188: 33.697028 | AR188: -84.440175
A189: AT50 | B189: Covington-Ga-Stg-1 | C189: AAG34 | D189: Covington-Ga-Stg-1 | E189: 1597 Access Rd | F189: Covington | G189: GA | H189: 30014-1984 | I189: Newton | J189: USA | K189: 29 | L189: true | M189: true | N189: AAG27 | O189: Atlanta-GA-STR-1 | P189: ATLN | Q189: Atlanta NE, GA | R189: TBD | S189: Ricky Pettigrew | T189: 1 | U189: Southeast | V189: Georgia | W189: 11 | X189: Active | Y189: Staging | Z189: Active Location | AD189: SE | AE189: South East | AF189: 0 | AG189: TRUE | AH189: XL | AI189: AAG34 : Covington-Ga-Stg-1 : 1597 Access Rd | AJ189: Parent AAG27 : Atlanta-GA-STR-1 | AK189: ATLN : Atlanta NE, GA | AP189: Southeast | AQ189: 33.697028 | AR189: -84.440175
A190: AT51 | B190: Mcdonough-Ga-Stg-2 | C190: AAG35 | D190: Mcdonough-Ga-Stg-2 | E190: 104 Park W Dr | F190: Mcdonough | G190: GA | H190: 30253 | I190: Henry | J190: USA | K190: 29 | L190: true | M190: true | N190: AAG27 | O190: Atlanta-GA-STR-1 | P190: ATLN | Q190: Atlanta NE, GA | R190: TBD | S190: Ricky Pettigrew | T190: 1 | U190: Southeast | V190: Georgia | W190: 11 | X190: Active | Y190: Staging | Z190: Active Location | AA190: 21780.00 | AB190: 46599 | AD190: SE | AE190: South East | AF190: 0 | AG190: TRUE | AH190: XL | AI190: AAG35 : Mcdonough-Ga-Stg-2 : 104 Park W Dr | AJ190: Parent AAG27 : Atlanta-GA-STR-1 | AK190: ATLN : Atlanta NE, GA | AP190: Southeast | AQ190: 33.697028 | AR190: -84.440175
A191: AU04 | B191: New Braunfels-Tx-Str-1 | C191: AUS5 | D191: New Braunfels-Tx-Str-1 | E191: 5615 Ih 35 N | F191: New Braunfels | G191: TX | H191: 78130 | I191: Comal | J191: USA | K191: 35 | L191: false | M191: true | N191: AUS6 | O191: San Marcos-TX-STR-1 | P191: ASTN | Q191: Austin, TX | R191: TBD | S191: Greg Payne | T191: 10 | U191: Central | V191: Southwest TX | W191: 53 | X191: Closing FPnA | Y191: Storage | Z191: Closing FPnA | AF191: -1 | AG191: TRUE | AH191: LG | AI191: AUS5 : New Braunfels-Tx-Str-1 : 5615 Ih 35 N | AJ191: Parent AUS6 : San Marcos-TX-STR-1 | AK191: ASTN : Austin, TX | AP191: Greater Texas | AQ191: 30.148928 | AR191: -97.651072
A192: AU05 | B192: San Marcos-Tx-Str-1 | C192: AUS6 | D192: San Marcos-Tx-Str-1 | E192: 2821 Leah Ave. | F192: San Marcos | G192: TX | H192: 78666 | I192: Hays | J192: USA | K192: 35 | L192: true | M192: true | N192: AUS6 | O192: San Marcos-TX-STR-1 | P192: ASTN | Q192: Austin, TX | R192: TBD | S192: Greg Payne | T192: 10 | U192: Central | V192: Southwest TX | W192: 53 | X192: Active | Y192: Storage | Z192: Active Location | AA192: 55000.00 | AB192: 49566 | AD192: TX | AE192: Texas | AF192: -1 | AG192: TRUE | AH192: LG | AI192: AUS6 : San Marcos-Tx-Str-1 : 2821 Leah Ave. | AJ192: Parent AUS6 : San Marcos-TX-STR-1 | AK192: ASTN : Austin, TX | AL192: DA01 | AM192: CAROL | AN192: Carrollton | AP192: Greater Texas | AQ192: 30.148928 | AR192: -97.651072
A193: AU06 | B193: Round Rock-Tx-Str-2 | C193: AUS7 | D193: Round Rock-Tx-Str-2 | E193: 101 Benelli Drive | F193: Round Rock | G193: TX | H193: 78664 | I193: Williamson | J193: USA | K193: 35 | L193: true | M193: true | N193: AUS7 | O193: Round Rock-TX-STR-2 | P193: ASTN | Q193: Austin, TX | R193: TBD | S193: Greg Payne | T193: 10 | U193: Central | V193: Southwest TX | W193: 53 | X193: Active | Y193: Storage | Z193: Active Location | AA193: 75625.00 | AB193: 49094 | AD193: TX | AE193: Texas | AF193: -1 | AG193: TRUE | AH193: LG | AI193: AUS7 : Round Rock-Tx-Str-2 : 101 Benelli Drive | AJ193: Parent AUS7 : Round Rock-TX-STR-2 | AK193: ASTN : Austin, TX | AL193: DA01 | AM193: CAROL | AN193: Carrollton | AP193: Greater Texas | AQ193: 30.148928 | AR193: -97.651072
A194: AU07 | B194: Temple-Tx-Stg-1 | C194: AUS8 | D194: Temple-Tx-Stg-1 | E194: 314 S 5th St | F194: Temple | G194: TX | H194: 76504-5524 | I194: Bell | J194: USA | K194: 35 | L194: false | M194: true | N194: AUS6 | O194: San Marcos-TX-STR-1 | P194: ASTN | Q194: Austin, TX | R194: TBD | S194: Greg Payne | T194: 10 | U194: Central | V194: Southwest TX | W194: 53 | X194: Inactive | Y194: Staging | Z194: DO NOT USE - Inactive | AD194: TX | AE194: Texas | AF194: -1 | AG194: TRUE | AH194: LG | AI194: AUS8 : Temple-Tx-Stg-1 : 314 S 5th St | AJ194: Parent AUS6 : San Marcos-TX-STR-1 | AK194: ASTN : Austin, TX | AP194: Greater Texas | AQ194: 30.148928 | AR194: -97.651072
A195: AU08 | B195: Del Valle-Tx-Str-1 | C195: AUS9 | D195: Del Valle-Tx-Str-1 | E195: 11708 Mcangus Rd | F195: Del Valle | G195: TX | H195: 78617 | I195: Travis | J195: USA | K195: 35 | L195: false | M195: true | N195: AUS6 | O195: San Marcos-TX-STR-1 | P195: ASTN | Q195: Austin, TX | R195: TBD | S195: Greg Payne | T195: 10 | U195: Central | V195: Southwest TX | W195: 53 | X195: Closing FPnA | Y195: Storage | Z195: Closing FPnA | AA195: 99000.00 | AB195: 47968 | AD195: TX | AE195: Texas | AF195: -1 | AG195: TRUE | AH195: LG | AI195: AUS9 : Del Valle-Tx-Str-1 : 11708 Mcangus Rd | AJ195: Parent AUS6 : San Marcos-TX-STR-1 | AK195: ASTN : Austin, TX | AL195: DA01 | AM195: CAROL | AN195: Carrollton | AP195: Greater Texas | AQ195: 30.148928 | AR195: -97.651072
A196: AU09 | B196: Del Valle-Tx-Str-2 | C196: AUS10 | D196: Del Valle-Tx-Str-2 | E196: 11708 Mcangus Rd | F196: Del Valle | G196: TX | H196: 78617-2821 | I196: Travis | J196: USA | K196: 35 | L196: true | M196: true | N196: AUS7 | O196: Round Rock-TX-STR-2 | P196: ASTN | Q196: Austin, TX | R196: TBD | S196: Greg Payne | T196: 10 | U196: Central | V196: Southwest TX | W196: 53 | X196: Active | Y196: Storage | Z196: Active Location | AD196: TX | AE196: Texas | AF196: -1 | AG196: TRUE | AH196: LG | AI196: AUS10 : Del Valle-Tx-Str-2 : 11708 Mcangus Rd | AJ196: Parent AUS7 : Round Rock-TX-STR-2 | AK196: ASTN : Austin, TX | AP196: Greater Texas | AQ196: 30.148928 | AR196: -97.651072
A197: AU10 | B197: Del Valle-Tx-Stg-1 | C197: AUS11 | D197: Del Valle-Tx-Stg-1 | E197: 11708 Mcangus Rd Bldg 2 | F197: Del Valle | G197: TX | H197: 78617-2821 | I197: Travis | J197: USA | K197: 35 | L197: true | M197: true | N197: AUS10 | O197: Del Valle-TX-STR-2 | P197: ASTN | Q197: Austin, TX | R197: TBD | S197: Greg Payne | T197: 10 | U197: Central | V197: Southwest TX | W197: 53 | X197: Active | Y197: Staging | Z197: Active Location | AD197: TX | AE197: Texas | AF197: -1 | AG197: TRUE | AH197: LG | AI197: AUS11 : Del Valle-Tx-Stg-1 : 11708 Mcangus Rd Bldg 2 | AJ197: Parent AUS10 : Del Valle-TX-STR-2 | AK197: ASTN : Austin, TX | AP197: Greater Texas | AQ197: 30.148928 | AR197: -97.651072
A198: AX01 | B198: Alexandria-La-Str-1 | C198: ALEX | D198: Alexandria-La-Str-1 | E198: 700 Mckeithen Dr | F198: Alexandria | G198: LA | H198: 71303 | I198: Rapides | J198: USA | K198: 169 | L198: true | M198: false | N198: ALEX | O198: Alexandria-LA-STR-1 | P198: ALEX | Q198: Alexandria, LA | R198: TBD | S198: Joseph Carlo II | T198: 7 | U198: Z | V198: Franchise | W198: 71 | X198: Active | Y198: Storage | Z198: Active Location | AD198: MS | AE198: Mississippi | AF198: -1 | AG198: FALSE | AH198: LG | AI198: ALEX : Alexandria-La-Str-1 : 700 Mckeithen Dr | AJ198: Parent ALEX : Alexandria-LA-STR-1 | AK198: ALEX : Alexandria, LA | AP198: Southeast | AQ198: 31.28287 | AR198: -92.53797
A199: AX02 | B199: Leesville-La-Str-1 | C199: ALEX2 | D199: Leesville-La-Str-1 | E199: 11780 Lake Charles Hwy | F199: Leesville | G199: LA | H199: 71446 | I199: Vernon | J199: USA | K199: 169 | L199: true | M199: false | N199: ALEX2 | O199: Leesville-LA-STR-1 | P199: ALEX | Q199: Alexandria, LA | R199: TBD | S199: Joseph Carlo II | T199: 7 | U199: Z | V199: Franchise | W199: 71 | X199: Active | Y199: Storage | Z199: Active Location | AD199: MS | AE199: Mississippi | AF199: -1 | AG199: FALSE | AH199: LG | AI199: ALEX2 : Leesville-La-Str-1 : 11780 Lake Charles Hwy | AJ199: Parent ALEX2 : Leesville-LA-STR-1 | AK199: ALEX : Alexandria, LA | AP199: Southeast | AQ199: 31.28287 | AR199: -92.53797
A200: BA08 | B200: Jessup-Md-Str-1 | C200: BAL4 | D200: Jessup-Md-Str-1 | E200: 8205 Patuxent Range Rd | F200: Jessup | G200: MD | H200: 20794 | J200: USA | K200: 41 | L200: false | M200: true | N200: BAL6 | O200: Middle River-MD-STR-1 | P200: BALT | Q200: Baltimore, MD | R200: TBD | S200: Don Pallante | T200: 2 | U200: Northeast | V200: Mid Atlantic | W200: 20 | X200: Closing FPnA | Y200: Storage | Z200: Closing FPnA | AD200: NE | AE200: North East | AF200: 0 | AG200: TRUE | AH200: MED | AI200: BAL4 : Jessup-Md-Str-1 : 8205 Patuxent Range Rd | AJ200: Parent BAL6 : Middle River-MD-STR-1 | AK200: BALT : Baltimore, MD | AP200: Northeast | AQ200: 39.176373 | AR200: -76.771542
A201: BA09 | B201: Middle River-Md-Str-1 | C201: BAL6 | D201: Middle River-Md-Str-1 | E201: 9611 Pulaski Park Dr. | F201: Middle River | G201: MD | H201: 21220 | J201: USA | K201: 41 | L201: true | M201: true | N201: BAL6 | O201: Middle River-MD-STR-1 | P201: BALT | Q201: Baltimore, MD | R201: TBD | S201: Don Pallante | T201: 2 | U201: Northeast | V201: Mid Atlantic | W201: 20 | X201: Active | Y201: Storage | Z201: Active Location | AA201: 61600.00 | AB201: 47968 | AD201: NE | AE201: North East | AF201: 0 | AG201: TRUE | AH201: MED | AI201: BAL6 : Middle River-Md-Str-1 : 9611 Pulaski Park Dr. | AJ201: Parent BAL6 : Middle River-MD-STR-1 | AK201: BALT : Baltimore, MD | AP201: Northeast | AQ201: 39.176373 | AR201: -76.771542
A202: BA10 | B202: Lutherville Timonium-Md-Str-1 | C202: BAL7 | D202: Lutherville Timonium-Md-Str-1 | E202: 9603 Deerco Rd | F202: Lutherville Timonium | G202: MD | H202: 21093 | I202: Baltimore | J202: USA | K202: 41 | L202: false | M202: true | N202: BAL6 | O202: Middle River-MD-STR-1 | P202: BALT | Q202: Baltimore, MD | R202: TBD | S202: Don Pallante | T202: 2 | U202: Northeast | V202: Mid Atlantic | W202: 20 | X202: Closing FPnA | Y202: Storage | Z202: Closing FPnA | AD202: NE | AE202: North East | AF202: 0 | AG202: TRUE | AH202: MED | AI202: BAL7 : Lutherville Timonium-Md-Str-1 : 9603 Deerco Rd | AJ202: Parent BAL6 : Middle River-MD-STR-1 | AK202: BALT : Baltimore, MD | AP202: Northeast | AQ202: 39.176373 | AR202: -76.771542
A203: BA11 | B203: Elkridge-Md-Str-1 | C203: BAL8 | D203: Elkridge-Md-Str-1 | E203: 7575 Washington Boulevard | F203: Elkridge | G203: MD | H203: 21075 | I203: Howard | J203: USA | K203: 41 | L203: true | M203: true | N203: BAL8 | O203: Elkridge-MD-STR-1 | P203: BALT | Q203: Baltimore, MD | R203: TBD | S203: Don Pallante | T203: 2 | U203: Northeast | V203: Mid Atlantic | W203: 20 | X203: Active | Y203: Storage | Z203: Active Location | AA203: 66660.00 | AB203: 46965 | AD203: NE | AE203: North East | AF203: 0 | AG203: TRUE | AH203: MED | AI203: BAL8 : Elkridge-Md-Str-1 : 7575 Washington Boulevard | AJ203: Parent BAL8 : Elkridge-MD-STR-1 | AK203: BALT : Baltimore, MD | AP203: Northeast | AQ203: 39.176373 | AR203: -76.771542
A204: BA12 | B204: Upper Marlboro-Md-Ovrfl-1 | C204: BAL9 | D204: Upper Marlboro-Md-Ovrfl-1 | E204: 9900 Fallard Court | F204: Upper Marlboro | G204: MD | H204: 20772 | I204: Prince Geo | J204: USA | K204: 41 | L204: false | M204: true | N204: BAL6 | O204: Middle River-MD-STR-1 | P204: BALT | Q204: Baltimore, MD | R204: TBD | S204: Don Pallante | T204: 2 | U204: Northeast | V204: Mid Atlantic | W204: 20 | X204: Closing FPnA | Y204: Overflow | Z204: Closing FPnA | AD204: NE | AE204: North East | AF204: 0 | AG204: TRUE | AH204: MED | AI204: BAL9 : Upper Marlboro-Md-Ovrfl-1 : 9900 Fallard Court | AJ204: Parent BAL6 : Middle River-MD-STR-1 | AK204: BALT : Baltimore, MD | AP204: Northeast | AQ204: 39.176373 | AR204: -76.771542
A205: BD03 | B205: Longmont-Co-Str-1 | C205: BOU3 | D205: Longmont-Co-Str-1 | E205: 6315 Dry Creek Parkway | F205: Longmont | G205: CO | H205: 80503 | I205: Boulder | J205: USA | K205: 96 | L205: false | M205: true | N205: BOU9 | O205: Johnstown-CO-STR-1 | P205: BLDR | Q205: Boulder, CO | R205: TBD | S205: Anthony Virtue | T205: 10 | U205: Central | V205: Mountain | W205: 51 | X205: Closing FPnA | Y205: Storage | Z205: Closing FPnA | AD205: MT | AE205: Mountain | AF205: -2 | AG205: TRUE | AH205: MED | AI205: BOU3 : Longmont-Co-Str-1 : 6315 Dry Creek Parkway | AJ205: Parent BOU9 : Johnstown-CO-STR-1 | AK205: BLDR : Boulder, CO | AP205: Mountain | AQ205: 40.13695 | AR205: -105.12584
A206: BD04 | B206: Fort Collins-Co-Stg-1 | C206: BOU4 | D206: Fort Collins-Co-Stg-1 | E206: 1617 East Mulberry Street | F206: Fort Collins | G206: CO | H206: 80524 | I206: Larimer | J206: USA | K206: 96 | L206: false | M206: true | N206: BOU9 | O206: Johnstown-CO-STR-1 | P206: BLDR | Q206: Boulder, CO | R206: TBD | S206: Anthony Virtue | T206: 10 | U206: Central | V206: Mountain | W206: 51 | X206: Closing FPnA | Y206: Staging | Z206: Closing FPnA | AD206: MT | AE206: Mountain | AF206: -2 | AG206: TRUE | AH206: MED | AI206: BOU4 : Fort Collins-Co-Stg-1 : 1617 East Mulberry Street | AJ206: Parent BOU9 : Johnstown-CO-STR-1 | AK206: BLDR : Boulder, CO | AP206: Mountain | AQ206: 40.13695 | AR206: -105.12584
A207: BD06 | B207: Louisville-Co-Str-1 | C207: BOU6 | D207: Louisville-Co-Str-1 | E207: 333 Centennial Pkwy | F207: Louisville | G207: CO | H207: 80027 | I207: Boulder | J207: USA | K207: 96 | L207: false | M207: true | N207: BOU9 | O207: Johnstown-CO-STR-1 | P207: BLDR | Q207: Boulder, CO | R207: TBD | S207: Anthony Virtue | T207: 10 | U207: Central | V207: Mountain | W207: 51 | X207: Closing FPnA | Y207: Storage | Z207: Closing FPnA | AD207: MT | AE207: Mountain | AF207: -2 | AG207: TRUE | AH207: MED | AI207: BOU6 : Louisville-Co-Str-1 : 333 Centennial Pkwy | AJ207: Parent BOU9 : Johnstown-CO-STR-1 | AK207: BLDR : Boulder, CO | AP207: Mountain | AQ207: 40.13695 | AR207: -105.12584
A208: BD08 | B208: Longmont-Co-Str-2 | C208: BOU8 | D208: Longmont-Co-Str-2 | E208: 1925 Pike Road | F208: Longmont | G208: CO | H208: 80501 | I208: Boulder | J208: USA | K208: 96 | L208: true | M208: true | N208: BOU8 | O208: Longmont-CO-STR-2 | P208: BLDR | Q208: Boulder, CO | R208: TBD | S208: Anthony Virtue | T208: 10 | U208: Central | V208: Mountain | W208: 51 | X208: Active | Y208: Storage | Z208: Active Location | AA208: 81831.00 | AB208: 47879 | AD208: MT | AE208: Mountain | AF208: -2 | AG208: TRUE | AH208: MED | AI208: BOU8 : Longmont-Co-Str-2 : 1925 Pike Road | AJ208: Parent BOU8 : Longmont-CO-STR-2 | AK208: BLDR : Boulder, CO | AP208: Mountain | AQ208: 40.13695 | AR208: -105.12584
A209: BD09 | B209: Johnstown-Co-Str-1 | C209: BOU9 | D209: Johnstown-Co-Str-1 | E209: 4151 Ronald Reagan Blvd Ste 2 | F209: Johnstown | G209: CO | H209: 80534-6587 | I209: Larimer | J209: USA | K209: 96 | L209: true | M209: true | N209: BOU9 | O209: Johnstown-CO-STR-1 | P209: BLDR | Q209: Boulder, CO | R209: TBD | S209: Anthony Virtue | T209: 10 | U209: Central | V209: Mountain | W209: 51 | X209: Active | Y209: Storage | Z209: Active Location | AA209: 61317.00 | AB209: 48610 | AC209: -13763.00 | AD209: MT | AE209: Mountain | AF209: -2 | AG209: TRUE | AH209: MED | AI209: BOU9 : Johnstown-Co-Str-1 : 4151 Ronald Reagan Blvd Ste 2 | AJ209: Parent BOU9 : Johnstown-CO-STR-1 | AK209: BLDR : Boulder, CO | AO209: 46721 | AP209: Mountain | AQ209: 40.13695 | AR209: -105.12584
A210: BD10 | B210: Cheyenne-Wy-Stg-1 | C210: BOU10 | D210: Cheyenne-Wy-Stg-1 | E210: 1938 Wyott Dr. Cheyenne | F210: Cheyenne | G210: WY | H210: 82007 | I210: Laramie | J210: USA | K210: 96 | L210: true | M210: true | N210: BOU9 | O210: Johnstown-CO-STR-1 | P210: BLDR | Q210: Boulder, CO | R210: TBD | S210: Anthony Virtue | T210: 10 | U210: Central | V210: Mountain | W210: 51 | X210: Active | Y210: Staging | Z210: Active Location | AA210: 65340.00 | AD210: MT | AE210: Mountain | AF210: -2 | AG210: TRUE | AH210: MED | AI210: BOU10 : Cheyenne-Wy-Stg-1 : 1938 Wyott Dr. Cheyenne | AJ210: Parent BOU9 : Johnstown-CO-STR-1 | AK210: BLDR : Boulder, CO | AP210: Mountain | AQ210: 40.13695 | AR210: -105.12584
...

Sheet Sheet7
A1: Market # | B1: Market | C1: Region | F1: {=_xlfn._xlws.SORT(_xlfn.UNIQUE(_xlfn._xlws.FILTER(Locations['[GL Location Name']],(Locations['[Site Market Id']]='Gen 5 Containers'!$C$4)*(Locations['[Site Status Desc']]<>"Dummy Record")*(Locations['[Site Active Flag']]="TRUE"))))} -> #VALUE! | K1: Market # | L1: Market | M1: Region
A2: {=_xlfn._xlws.SORT(_xlfn.UNIQUE(_xlfn.CHOOSECOLS(_xlfn._xlws.FILTER(Locations[#Data],Locations['[Site Market Id']]<>""),11,17,21)),1,1)} -> 1 | B2: Tampa Bay, FL | C2: Southeast | K2: 1 | L2: Tampa Bay, FL | M2: Southeast
A3: -1 | B3: Unknown | C3: Unknown | K3: 2 | L3: Sarasota, FL | M3: Southeast
A4: 10 | B4: Daytona, FL | C4: Southeast | K4: 3 | L4: South Florida | M4: Southeast
A5: 100 | B5: PODS-US | C5: Z | K5: 4 | L5: Orlando, FL | M5: Southeast
A6: 101 | B6: El Paso, TX | C6: Central | K6: 5 | L6: Minneapolis, MN | M6: Central
A7: 102 | B7: Tallahassee, FL | C7: Z | K7: 6 | L7: Charlotte, NC | M7: Southeast
A8: 103 | B8: Santa Barbara, CA | C8: Z | K8: 7 | L8: Indianapolis, IN | M8: Z
A9: 105 | B9: Reno, NV | C9: Central | K9: 8 | L9: Cincinnati, OH | M9: Northeast
A10: 107 | B10: Jersey Shore, NJ | C10: Northeast | K10: 9 | L10: PODS-US | M10: Z
A11: 108 | B11: Central Jersey, NJ | C11: Northeast | K11: 10 | L11: Daytona, FL | M11: Southeast
A12: 109 | B12: Johnson City, TN | C12: Central | K12: 11 | L12: Jacksonville, FL | M12: Southeast
A13: 11 | B13: Jacksonville, FL | C13: Southeast | K13: 12 | L13: Melbourne, FL | M13: Southeast
A14: 110 | B14: Knoxville, TN | C14: Central | K14: 13 | L14: General | M14: Z
... A148: 90 | B148: Syracuse, NY | C148: Northeast | K148: 183 | L148: Quad Cities | M148: Central
A149: 91 | B149: Scranton, PA | C149: Northeast
A150: 92 | B150: Harrisburg - Lancaster, PA | C150: Northeast
A151: 93 | B151: Pittsburgh, PA | C151: Northeast
A152: 94 | B152: Rochester, NY | C152: Northeast
A153: 95 | B153: Buffalo, NY | C153: Northeast
A154: 96 | B154: Boulder, CO | C154: Central
A155: 97 | B155: Shenandoah Valley, VA | C155: Northeast
A156: 98 | B156: Shreveport, LA | C156: Central
